Workbook

Sheet Ativos
B2: Operações (x) | N2: Ativo | O2: DDE | Q2: Correção | S2: Cotação | U2: Spread | V2: Lot Size | W2: Pip Div | X2: Pip Value
B3: 1 | C3: 2 | D3: 3 | E3: 4 | F3: 5 | G3: 6 | H3: 7 | I3: 8 | J3: 9 | K3: 10 | L3: 11 | M3: 12 | O3: Bid | P3: Ask | S3: Bid | T3: Ask
B4: x | N4: AUDCAD | O4: =[1]!AUDCAD -> 0.98725 | P4: =[2]!audcad -> 0.98752 | Q4: =VALUE(REPLACE(O4,SEARCH(".",O4),1,",")) -> 0.98725 | R4: =VALUE(REPLACE(P4,SEARCH(".",P4),1,",")) -> 0.98752 | S4: =IF(Q4="",O4,Q4) -> 0.98725 | T4: =IF(R4="",P4,R4) -> 0.98752 | U4: =10000*(T4-S4) -> 2.7 | V4: 100000 | W4: 10000 | X4: =T5/T4 -> 0.75232907
C5: x | N5: AUDUSD | O5: =[1]!AUDUSD -> 0.74276 | P5: =[2]!AUDUSD -> 0.74294 | Q5: =VALUE(REPLACE(O5,SEARCH(".",O5),1,",")) -> 0.74276 | R5: =VALUE(REPLACE(P5,SEARCH(".",P5),1,",")) -> 0.74294 | S5: =IF(Q5="",O5,Q5) -> 0.74276 | T5: =IF(R5="",P5,R5) -> 0.74294 | U5: =10000*(T5-S5) -> 1.8 | V5: 100000 | W5: 10000 | X5: 1
D6: x | N6: CHFJPY | O6: =[1]!CHFJPY/1000 -> 111.006 | P6: =[2]!CHFJPY/1000 -> 111.032 | S6: =IF(Q6="",O6,Q6) -> 111.006 | T6: =IF(R6="",P6,R6) -> 111.032 | U6: =100*(T6-S6) -> 2.6 | V6: 1000 | W6: 100 | X6: =10*V6/W6/T14 -> 0.91232552
E7: x | N7: EURGBP | O7: =[1]!EURGBP -> 0.87995 | P7: =[2]!EURGBP -> 0.88012 | Q7: =VALUE(REPLACE(O7,SEARCH(".",O7),1,",")) -> 0.87995 | R7: =VALUE(REPLACE(P7,SEARCH(".",P7),1,",")) -> 0.88012 | S7: =IF(Q7="",O7,Q7) -> 0.87995 | T7: =IF(R7="",P7,R7) -> 0.88012 | U7: =10000*(T7-S7) -> 1.7 | V7: 100000 | W7: 10000 | X7: =T10/T7 -> 1.5091806
F8: x | N8: EURJPY | O8: =[1]!EURJPY/1000 -> 128.095 | P8: =[2]!EURJPY/1000 -> 128.117 | S8: =IF(Q8="",O8,Q8) -> 128.095 | T8: =IF(R8="",P8,R8) -> 128.117 | U8: =100*(T8-S8) -> 2.2 | V8: 1000 | W8: 100 | X8: =100*T9/T8 -> 0.91235355
G9: x | N9: EURUSD | O9: =[1]!EURUSD/100000 -> 1.16873 | P9: =[2]!EURUSD/100000 -> 1.16888 | S9: =IF(Q9="",O9,Q9) -> 1.16873 | T9: =IF(R9="",P9,R9) -> 1.16888 | U9: =10000*(T9-S9) -> 1.5 | V9: 100000 | W9: 10000 | X9: 1 | Y9: ok
H10: x | N10: GBPUSD | O10: =[1]!GBPUSD/100000 -> 1.32807 | P10: =[2]!GBPUSD/100000 -> 1.32826 | S10: =IF(Q10="",O10,Q10) -> 1.32807 | T10: =IF(R10="",P10,R10) -> 1.32826 | U10: =10000*(T10-S10) -> 1.9 | V10: 100000 | W10: 10000 | X10: 1
I11: x | N11: GOLD | O11: =[1]!GOLD -> 1269.24 | P11: =[2]!GOLD -> 1269.55 | Q11: =VALUE(REPLACE(O11,SEARCH(".",O11),1,",")) -> 1269.24 | R11: =VALUE(REPLACE(P11,SEARCH(".",P11),1,",")) -> 1269.55 | S11: =IF(Q11="",O11,Q11) -> 1269.24 | T11: =IF(R11="",P11,R11) -> 1269.55 | U11: =T11-S11 -> 0.31 | V11: 100 | W11: 10 | X11: 1 | Y11: ok
J12: x | N12: SILVER | O12: =[1]!SILVER/1000 -> 16.407 | P12: =[2]!SILVER/1000 -> 16.441 | S12: =IF(Q12="",O12,Q12) -> 16.407 | T12: =IF(R12="",P12,R12) -> 16.441 | U12: =T12-S12 -> 0.034 | V12: 5000 | W12: 100 | X12: 1
K13: x | N13: USDCAD | O13: =[1]!USDCAD/100000 -> 1.32913 | P13: =[2]!USDCAD/100000 -> 1.32933 | S13: =IF(Q13="",O13,Q13) -> 1.32913 | T13: =IF(R13="",P13,R13) -> 1.32933 | U13: =10000*(T13-S13) -> 2 | V13: 100000 | W13: 10000 | X13: =1/S13 -> 0.75237185 | Y13: ok
L14: x | N14: USDJPY | O14: =[1]!USDJPY/1000 -> 109.596 | P14: =[2]!USDJPY/1000 -> 109.61 | S14: =IF(Q14="",O14,Q14) -> 109.596 | T14: =IF(R14="",P14,R14) -> 109.61 | U14: =100*(T14-S14) -> 1.4 | V14: 1000 | W14: 100 | X14: =1/S14 -> 0.0091244206
M15: x | N15: WTI | O15: =[1]!WTI -> 68.48 | P15: =[2]!WTI -> 68.52 | Q15: =VALUE(REPLACE(O15,SEARCH(".",O15),1,",")) -> 68.48 | R15: =VALUE(REPLACE(P15,SEARCH(".",P15),1,",")) -> 68.52 | S15: =IF(Q15="",O15,Q15) -> 68.48 | T15: =IF(R15="",P15,R15) -> 68.52 | U15: =T15-S15 -> 0.04 | V15: 1000 | W15: 100 | X15: 1 | Y15: ok
X16: pip v. ok?
K17: 1 | M17: 2 | O17: 3 | Q17: 4 | S17: 5 | U17: 6
K18: Ativo | L18: =INDEX(N4:N15,MATCH("x",B4:B15,0),1) -> AUDCAD | M18: Ativo | N18: =INDEX(N4:N15,MATCH("x",C4:C15,0),1) -> AUDUSD | O18: Ativo | P18: =INDEX(N4:N15,MATCH("x",D4:D15,0),1) -> CHFJPY | Q18: Ativo | R18: =INDEX(N4:N15,MATCH("x",E4:E15,0),1) -> EURGBP | S18: Ativo | T18: =INDEX(N4:N15,MATCH("x",F4:F15,0),1) -> EURJPY | U18: Ativo | V18: =INDEX(N4:N15,MATCH("x",G4:G15,0),1) -> EURUSD
K19: Ask | L19: =INDEX(T4:T15,MATCH("x",B4:B15,0),1) -> 0.98752 | M19: Ask | N19: =INDEX(T4:T15,MATCH("x",C4:C15,0),1) -> 0.74294 | O19: Ask | P19: =INDEX(T4:T15,MATCH("x",D4:D15,0),1) -> 111.032 | Q19: Ask | R19: =INDEX(T4:T15,MATCH("x",E4:E15,0),1) -> 0.88012 | S19: Ask | T19: =INDEX(T4:T15,MATCH("x",F4:F15,0),1) -> 128.117 | U19: Ask | V19: =INDEX(T4:T15,MATCH("x",G4:G15,0),1) -> 1.16888
K20: Bid | L20: =INDEX(S4:S15,MATCH("x",B4:B15,0),1) -> 0.98725 | M20: Bid | N20: =INDEX(S4:S15,MATCH("x",C4:C15,0),1) -> 0.74276 | O20: Bid | P20: =INDEX(S4:S15,MATCH("x",D4:D15,0),1) -> 111.006 | Q20: Bid | R20: =INDEX(S4:S15,MATCH("x",E4:E15,0),1) -> 0.87995 | S20: Bid | T20: =INDEX(S4:S15,MATCH("x",F4:F15,0),1) -> 128.095 | U20: Bid | V20: =INDEX(S4:S15,MATCH("x",G4:G15,0),1) -> 1.16873
K21: Spread | L21: =INDEX(U4:U15,MATCH("x",B4:B15,0),1) -> 2.7 | M21: Spread | N21: =INDEX(U4:U15,MATCH("x",C4:C15,0),1) -> 1.8 | O21: Spread | P21: =INDEX(U4:U15,MATCH("x",D4:D15,0),1) -> 2.6 | Q21: Spread | R21: =INDEX(U4:U15,MATCH("x",E4:E15,0),1) -> 1.7 | S21: Spread | T21: =INDEX(U4:U15,MATCH("x",F4:F15,0),1) -> 2.2 | U21: Spread | V21: =INDEX(U4:U15,MATCH("x",G4:G15,0),1) -> 1.5
K22: Lot Size | L22: =INDEX(V4:V15,MATCH("x",B4:B15,0),1) -> 100000 | M22: Lot Size | N22: =INDEX(V4:V15,MATCH("x",C4:C15,0),1) -> 100000 | O22: Lot Size | P22: =INDEX(V4:V15,MATCH("x",D4:D15,0),1) -> 1000 | Q22: Lot Size | R22: =INDEX(V4:V15,MATCH("x",E4:E15,0),1) -> 100000 | S22: Lot Size | T22: =INDEX(V4:V15,MATCH("x",F4:F15,0),1) -> 1000 | U22: Lot Size | V22: =INDEX(V4:V15,MATCH("x",G4:G15,0),1) -> 100000
K23: Pip Div | L23: =INDEX(W4:W15,MATCH("x",B4:B15,0),1) -> 10000 | M23: Pip Div | N23: =INDEX(W4:W15,MATCH("x",C4:C15,0),1) -> 10000 | O23: Pip Div | P23: =INDEX(W4:W15,MATCH("x",D4:D15,0),1) -> 100 | Q23: Pip Div | R23: =INDEX(W4:W15,MATCH("x",E4:E15,0),1) -> 10000 | S23: Pip Div | T23: =INDEX(W4:W15,MATCH("x",F4:F15,0),1) -> 100 | U23: Pip Div | V23: =INDEX(W4:W15,MATCH("x",G4:G15,0),1) -> 10000
K24: Pip Val | L24: =INDEX(X4:X15,MATCH("x",B4:B15,0),1) -> 0.75232907 | M24: Pip Val | N24: =INDEX(X4:X15,MATCH("x",C4:C15,0),1) -> 1 | O24: Pip Val | P24: =INDEX(X4:X15,MATCH("x",D4:D15,0),1) -> 0.91232552 | Q24: Pip Val | R24: =INDEX(X4:X15,MATCH("x",E4:E15,0),1) -> 1.5091806 | S24: Pip Val | T24: =INDEX(X4:X15,MATCH("x",F4:F15,0),1) -> 0.91235355 | U24: Pip Val | V24: =INDEX(X4:X15,MATCH("x",G4:G15,0),1) -> 1
K25: 7 | M25: 8 | O25: 9 | Q25: 10 | S25: 11 | U25: 12
K26: Ativo | L26: =INDEX(N4:N15,MATCH("x",H4:H15,0),1) -> GBPUSD | M26: Ativo | N26: =INDEX(N4:N15,MATCH("x",I4:I15,0),1) -> GOLD | O26: Ativo | P26: =INDEX(N4:N15,MATCH("x",J4:J15,0),1) -> SILVER | Q26: Ativo | R26: =INDEX(N4:N15,MATCH("x",K4:K15,0),1) -> USDCAD | S26: Ativo | T26: =INDEX(N4:N15,MATCH("x",L4:L15,0),1) -> USDJPY | U26: Ativo | V26: =INDEX(N4:N15,MATCH("x",M4:M15,0),1) -> WTI
K27: Ask | L27: =INDEX(T4:T15,MATCH("x",H4:H15,0),1) -> 1.32826 | M27: Ask | N27: =INDEX(T4:T15,MATCH("x",I4:I15,0),1) -> 1269.55 | O27: Ask | P27: =INDEX(T4:T15,MATCH("x",J4:J15,0),1) -> 16.441 | Q27: Ask | R27: =INDEX(T4:T15,MATCH("x",K4:K15,0),1) -> 1.32933 | S27: Ask | T27: =INDEX(T4:T15,MATCH("x",L4:L15,0),1) -> 109.61 | U27: Ask | V27: =INDEX(T4:T15,MATCH("x",M4:M15,0),1) -> 68.52
K28: Bid | L28: =INDEX(S4:S15,MATCH("x",H4:H15,0),1) -> 1.32807 | M28: Bid | N28: =INDEX(S4:S15,MATCH("x",I4:I15,0),1) -> 1269.24 | O28: Bid | P28: =INDEX(S4:S15,MATCH("x",J4:J15,0),1) -> 16.407 | Q28: Bid | R28: =INDEX(S4:S15,MATCH("x",K4:K15,0),1) -> 1.32913 | S28: Bid | T28: =INDEX(S4:S15,MATCH("x",L4:L15,0),1) -> 109.596 | U28: Bid | V28: =INDEX(S4:S15,MATCH("x",M4:M15,0),1) -> 68.48
K29: Spread | L29: =INDEX(U4:U15,MATCH("x",H4:H15,0),1) -> 1.9 | M29: Spread | N29: =INDEX(U4:U15,MATCH("x",I4:I15,0),1) -> 0.31 | O29: Spread | P29: =INDEX(U4:U15,MATCH("x",J4:J15,0),1) -> 0.034 | Q29: Spread | R29: =INDEX(U4:U15,MATCH("x",K4:K15,0),1) -> 2 | S29: Spread | T29: =INDEX(U4:U15,MATCH("x",L4:L15,0),1) -> 1.4 | U29: Spread | V29: =INDEX(U4:U15,MATCH("x",M4:M15,0),1) -> 0.04
K30: Lot Size | L30: =INDEX(V4:V15,MATCH("x",H4:H15,0),1) -> 100000 | M30: Lot Size | N30: =INDEX(V4:V15,MATCH("x",I4:I15,0),1) -> 100 | O30: Lot Size | P30: =INDEX(V4:V15,MATCH("x",J4:J15,0),1) -> 5000 | Q30: Lot Size | R30: =INDEX(V4:V15,MATCH("x",K4:K15,0),1) -> 100000 | S30: Lot Size | T30: =INDEX(V4:V15,MATCH("x",L4:L15,0),1) -> 1000 | U30: Lot Size | V30: =INDEX(V4:V15,MATCH("x",M4:M15,0),1) -> 1000
K31: Pip Div | L31: =INDEX(W4:W15,MATCH("x",H4:H15,0),1) -> 10000 | M31: Pip Div | N31: =INDEX(W4:W15,MATCH("x",I4:I15,0),1) -> 10 | O31: Pip Div | P31: =INDEX(W4:W15,MATCH("x",J4:J15,0),1) -> 100 | Q31: Pip Div | R31: =INDEX(W4:W15,MATCH("x",K4:K15,0),1) -> 10000 | S31: Pip Div | T31: =INDEX(W4:W15,MATCH("x",L4:L15,0),1) -> 100 | U31: Pip Div | V31: =INDEX(W4:W15,MATCH("x",M4:M15,0),1) -> 100
K32: Pip Val | L32: =INDEX(X4:X15,MATCH("x",H4:H15,0),1) -> 1 | M32: Pip Val | N32: =INDEX(X4:X15,MATCH("x",I4:I15,0),1) -> 1 | O32: Pip Val | P32: =INDEX(X4:X15,MATCH("x",J4:J15,0),1) -> 1 | Q32: Pip Val | R32: =INDEX(X4:X15,MATCH("x",K4:K15,0),1) -> 0.75237185 | S32: Pip Val | T32: =INDEX(X4:X15,MATCH("x",L4:L15,0),1) -> 0.0091244206 | U32: Pip Val | V32: =INDEX(X4:X15,MATCH("x",M4:M15,0),1) -> 1

Sheet 1
B2: Ativo | C2: =Ativos!$L$18 -> AUDCAD | D2: Spread | E2: =Ativos!$L$21 -> 2.7 | G2: Equity | H2: =SUM(D5:G5) -> 3261.17 | I2: Exit calculator
B3: Balance | D3: Starting balance | F3: $ Profit | I3: TP factor | J3: $ Profit | K3: % | L3: Price
F4: Closed | G4: Floating | H4: Total | J4: =IF(I4="","",IF(N10="","",IF(B10=0,"",I4*N10))) | K4: =IF(J4="","",IF(D5="","",100*J4/D5)) | L4: =IF(I4="","",IF(I10="","",IF(B10="","",IF(B10=0,"",IF(J4="","",I10+(J4-F5-G5)/N19/B10/J11)))))
B5: =D5+F5 -> 3261.17 | D5: =CLog!$Z$42 -> 3261.17 | F5: =IF(J10="",0,J10) -> 0 | G5: =K10 | H5: =IF(F5="",IF(G5="","",G5),IF(G5="",F5,F5+G5)) -> 0 | I5: =IF(J5="","",IF(N10="","",J5/N10)) | J5: =IF(K5="","",K5*D5/100) | K5: =IF(L5="","",100*B10*N19*J11*(L5-D10)/D5) | M5: % Liq Ac | N5: =[3]CRe!$P$32 -> 0.010120092
B6: Ask | D6: =Ativos!$L$19 -> 0.98752 | F6: =IF(F5="","",100*F5/D5) -> 0 | G6: =IF(G5="","",100*G5/D5) | H6: =IF(H5="","",100*(H2/D5-1)) -> 0 | I6: Stop | J6: =IF(K6="","",K6*D5/100) | K6: =IF(L6="","",100*B10*N19*J11*(L6-D10)/D5) | L6: =IF(J15<>"",J15,IF(H16="","",H16)) | M6: House Factor | N6: =IF(N17="","",IF(N5="","",N17/N5)) -> 49.406667
B7: Bid | D7: =Ativos!$L$20 -> 0.98725 | F7: % Profit | I7: Kelly | J7: =IF(K7="","",-K7*D5/100) -> -16.253937 | K7: =Risk!$C$13 -> 0.49840816 | L7: =IF(K7="","",IF(I10="","",IF(K7=0,"",IF(B10=0,"",I10-(H2-D5-J7)/N19/B10)))) | M7: Kelly Factor | N7: =IF(N17="","",IF(K7="","",IF(K7=0,"",N17/K7))) -> 1.0031938
B8: Lots (+-) | C8: Leverage | D8: Entry Price | E8: Take Profit | F8: $ Target | G8: Swap / Perm | I8: Price | J8: Closed $ | K8: $ Profit | L8: % Profit | M8: Target Default
M9: Take profit | N9: $ Target
B10: =IF(B11<>"",B11,IF(H18="","",H18)) | C10: =IF(B10="","",IF(B10>0,N19*B10*D6/D5,-N19*B10*D7/D5)) | D10: =IF(D11<>"",D11,IF(H17="","",H17)) | E10: =IF(E11<>"",E11,IF(J19="","",J19)) | F10: =IF(B10="","",IF(D10="","",IF(E10="","",B10*N$19*J11*(E10-D10)))) | G10: 0 | I10: =IF(B10="","",IF(B10>0,D$7,D$6)) | J10: =IF(B10="","",IF(H10="t",B10*N$19*(E10-D10)+G10,IF(H10="s",B10*N$19*(L6-D10)+G10,""))) | K10: =IF(B10="","",IF(H10="",B10*N19*J11*(I10-D10)+G10,"")) | L10: =IF(B10="","",IF(H10<>"",100*J10/D$5,100*K10/D$5)) | M10: =IF(E10="","",E10) | N10: =IF(B10="","",IF(D10="","",IF(M10="","",B10*N$19*J11*(M10-D10))))
C11: Broker | G11: Pip Div | H11: =Ativos!$L$23 -> 10000 | I11: Pip Value | J11: =Ativos!$L$24 -> 0.75232907 | M11: Current $ | N11: =IF(F10="","",F10+G10)
B12: =D5/N19/3 -> 0.010870567 | C12: No Stop | M12: % | N12: =IF(N11="","",100*N11/D5)
D13: Buy | F13: Sell | H13: Choice | I13: Trailing Stop | M13: PF | N13: =IF(N11="","",IF(J6="","",IF(J6=0,9999.9999,IF(J6>0,"No Loss",-N11/J6))))
C14: Stop Pivot | E14: =IF(D14="","",D14) | G14: =IF(F14="","",F14) | I14: Pivot | M14: Risk
C15: Stop Pips off | D15: 20 | E15: 3 | F15: 15 | G15: 1 | H15: =IF(D$24="x",IF(E$24="",IF(F$24="",IF(G$24="",D15,""),""),""),IF(E$24="x",IF(F$24="",IF(G$24="",E15,""),""),IF(F$24="x",IF(G$24="",F15,""),IF(G$24="x",G15,"")))) | I15: Stop | J15: =IF(J14="","",IF(H15="","",IF(B10="","",IF(B10>0,J14-H15/$H$11,IF(B10<0,J14+H15/$H$11,""))))) | K15: Simulation | M15: Base Risk (%) | N15: 0.5
C16: Stop | D16: =IF(D14="","",IF(D15="","",D14-D15/$H$11)) | E16: =IF(E14="","",IF(E15="","",E14-E15/$H$11)) | F16: =IF(F14="","",IF(F15="","",F14+F15/$H$11)) | G16: =IF(G14="","",IF(G15="","",G14+G15/$H$11)) | H16: =IF(D$24="x",IF(E$24="",IF(F$24="",IF(G$24="",D16,""),""),""),IF(E$24="x",IF(F$24="",IF(G$24="",E16,""),""),IF(F$24="x",IF(G$24="",F16,""),IF(G$24="x",G16,"")))) | K16: Balance | L16: Lots | M16: Agres (0-100) | N16: 20
C17: Entry | D17: =IF(D16="","",D6) | E17: =IF(E16="","",D6) | F17: =IF(F16="","",D7) | G17: =IF(G16="","",D7) | H17: =IF(D11<>"",D11,IF(D$24="x",IF(E$24="",IF(F$24="",IF(G$24="",D17,""),""),""),IF(E$24="x",IF(F$24="",IF(G$24="",E17,""),""),IF(F$24="x",IF(G$24="",F17,""),IF(G$24="x",G17,""))))) | I17: Target choice | K17: 10000 | L17: =IF(H18="","",IF(K17="","",IF(D5="","",H18*K17/D5))) | M17: Risk (%) | N17: =IF(N15="","",IF(N16="","",IF(K7="","",IF(K7<N15,N15,N15+N16*(K7-N15)/100)))) -> 0.5
C18: Lots | D18: =IF(D17="","",IF(N17="","",N17*D5/100/(D17-D16)/N19/J11)) | E18: =IF(E17="","",IF(N17="","",N17*D5/100/(E17-E16)/N19/J11)) | F18: =IF(F17="","",IF(N17="","",N17*D5/100/(F17-F16)/N19/J11)) | G18: =IF(G17="","",IF(N17="","",N17*D5/100/(G17-G16)/N19/J11)) | H18: =IF(B11<>"",B11,IF(D$24="x",IF(E$24="",IF(F$24="",IF(G$24="",D18,""),""),""),IF(E$24="x",IF(F$24="",IF(G$24="",E18,""),""),IF(F$24="x",IF(G$24="",F18,""),IF(G$24="x",G18,""))))) | I18: (x) | J18: Price | K18: No Stop | L18: =IF(K17="","",K17/N19/J11/3) -> 0.044306853 | M18: Risk ($) | N18: =IF(N17="","",N17*D5/100) -> 16.30585
C19: R1 | D19: =IF(D18="","",D$17+(D$17-D$16)) | E19: =IF(E18="","",E$17+(E$17-E$16)) | F19: =IF(F18="","",F$17-(F$16-F$17)) | G19: =IF(G18="","",G$17-(G$16-G$17)) | H19: =IF(H18="","",H$17+(H$17-H$16)) | I19: x | J19: =IF(I19="x",H19,IF(I20="x",H20,IF(I21="x",H21,IF(I22="x",H22,IF(I23="x",H23,""))))) | M19: Lot size | N19: =Ativos!$L$22 -> 100000
C20: R2 | D20: =IF(D19="","",D$17+2*(D$17-D$16)) | E20: =IF(E19="","",E$17+2*(E$17-E$16)) | F20: =IF(F19="","",F$17-2*(F$16-F$17)) | G20: =IF(G19="","",G$17-2*(G$16-G$17)) | H20: =IF(H19="","",H$17+2*(H$17-H$16)) | M20: Max leverage | N20: 500
C21: R3 | D21: =IF(D20="","",D$17+3*(D$17-D$16)) | E21: =IF(E20="","",E$17+3*(E$17-E$16)) | F21: =IF(F20="","",F$17-3*(F$16-F$17)) | G21: =IF(G20="","",G$17-3*(G$16-G$17)) | H21: =IF(H20="","",H$17+3*(H$17-H$16)) | J21: RFrac | M21: Max lots | N21: =IF(D5="","",IF(N19="","",IF(N20="","",D5*N20/N19/D6))) -> 16.511919
C22: R4 | D22: =IF(D21="","",D$17+4*(D$17-D$16)) | E22: =IF(E21="","",E$17+4*(E$17-E$16)) | F22: =IF(F21="","",F$17-4*(F$16-F$17)) | G22: =IF(G21="","",G$17-4*(G$16-G$17)) | H22: =IF(H21="","",H$17+4*(H$17-H$16)) | K22: =IF(K23="","",IF(H17="","",(K23-H17)/(H17-H16))) | L22: PF
C23: R5 | D23: =IF(D22="","",D$17+5*(D$17-D$16)) | E23: =IF(E22="","",E$17+5*(E$17-E$16)) | F23: =IF(F22="","",F$17-5*(F$16-F$17)) | G23: =IF(G22="","",G$17-5*(G$16-G$17)) | H23: =IF(H22="","",H$17+5*(H$17-H$16)) | J23: =IF(J22="","",IF(H17="","",H17+J22*(H17-H16))) | L23: Target
C24: Choice (x) | H24: =IF(D$24="x",IF(E$24="",IF(F$24="",IF(G$24="",D13,""),""),""),IF(E$24="x",IF(F$24="",IF(G$24="",D13,""),""),IF(F$24="x",IF(G$24="",F13,""),IF(G$24="x",F13,""))))

Sheet 2
B2: Ativo | C2: =Ativos!$N$18 -> AUDUSD | D2: Spread | E2: =Ativos!$N$21 -> 1.8 | G2: Equity | H2: =SUM(D5:G5) -> 3261.17 | I2: Exit calculator
B3: Balance | D3: Starting balance | F3: $ Profit | I3: TP factor | J3: $ Profit | K3: % | L3: Price
F4: Closed | G4: Floating | H4: Total | J4: =IF(I4="","",IF(N10="","",IF(B10=0,"",I4*N10))) | K4: =IF(J4="","",IF(D5="","",100*J4/D5)) | L4: =IF(I4="","",IF(I10="","",IF(B10="","",IF(B10=0,"",IF(J4="","",I10+(J4-F5-G5)/N19/B10/J11)))))
B5: =D5+F5 -> 3261.17 | D5: =CLog!$Z$42 -> 3261.17 | F5: =IF(J10="",0,J10) -> 0 | G5: =K10 | H5: =IF(F5="",IF(G5="","",G5),IF(G5="",F5,F5+G5)) -> 0 | I5: =IF(J5="","",IF(N10="","",J5/N10)) | J5: =IF(K5="","",K5*D5/100) | K5: =IF(L5="","",100*B10*N19*J11*(L5-D10)/D5) | M5: % Liq Ac | N5: =[3]CRe!$P$32 -> 0.010120092
B6: Ask | D6: =Ativos!$N$19 -> 0.74294 | F6: =IF(F5="","",100*F5/D5) -> 0 | G6: =IF(G5="","",100*G5/D5) | H6: =IF(H5="","",100*(H2/D5-1)) -> 0 | I6: Stop | J6: =IF(K6="","",K6*D5/100) | K6: =IF(L6="","",100*B10*N19*J11*(L6-D10)/D5) | L6: =IF(J15<>"",J15,IF(H16="","",H16)) | M6: House Factor | N6: =IF(N17="","",IF(N5="","",N17/N5)) -> 49.406667
B7: Bid | D7: =Ativos!$N$20 -> 0.74276 | F7: % Profit | I7: Kelly | J7: =IF(K7="","",-K7*D5/100) -> -16.253937 | K7: =Risk!$C$13 -> 0.49840816 | L7: =IF(K7="","",IF(I10="","",IF(K7=0,"",IF(B10=0,"",I10-(H2-D5-J7)/N19/B10)))) | M7: Kelly Factor | N7: =IF(N17="","",IF(K7="","",IF(K7=0,"",N17/K7))) -> 1.0031938
B8: Lots (+-) | C8: Leverage | D8: Entry Price | E8: Take Profit | F8: $ Target | G8: Swap / Perm | I8: Price | J8: Closed $ | K8: $ Profit | L8: % Profit | M8: Target Default
M9: Take profit | N9: $ Target
B10: =IF(B11<>"",B11,IF(H18="","",H18)) | C10: =IF(B10="","",IF(B10>0,N19*B10*D6/D5,-N19*B10*D7/D5)) | D10: =IF(D11<>"",D11,IF(H17="","",H17)) | E10: =IF(E11<>"",E11,IF(J19="","",J19)) | F10: =IF(B10="","",IF(D10="","",IF(E10="","",B10*N$19*J11*(E10-D10)))) | G10: 0 | I10: =IF(B10="","",IF(B10>0,D$7,D$6)) | J10: =IF(B10="","",IF(H10="t",B10*N$19*(E10-D10)+G10,IF(H10="s",B10*N$19*(L6-D10)+G10,""))) | K10: =IF(B10="","",IF(H10="",B10*N19*J11*(I10-D10)+G10,"")) | L10: =IF(B10="","",IF(H10<>"",100*J10/D$5,100*K10/D$5)) | M10: =IF(E10="","",E10) | N10: =IF(B10="","",IF(D10="","",IF(M10="","",B10*N$19*J11*(M10-D10))))
C11: Broker | G11: Pip Div | H11: =Ativos!$N$23 -> 10000 | I11: Pip Value | J11: =Ativos!$N$24 -> 1 | M11: Current $ | N11: =IF(F10="","",F10+G10)
B12: =D5/N19/3 -> 0.010870567 | C12: No Stop | M12: % | N12: =IF(N11="","",100*N11/D5)
D13: Buy | F13: Sell | H13: Choice | I13: Trailing Stop | M13: PF | N13: =IF(N11="","",IF(J6="","",IF(J6=0,9999.9999,IF(J6>0,"No Loss",-N11/J6))))
C14: Stop Pivot | E14: =IF(D14="","",D14) | G14: =IF(F14="","",F14) | I14: Pivot | M14: Risk
C15: Stop Pips off | D15: ='1'!D15 -> 20 | E15: ='1'!E15 -> 3 | F15: ='1'!F15 -> 15 | G15: ='1'!G15 -> 1 | H15: =IF(D$24="x",IF(E$24="",IF(F$24="",IF(G$24="",D15,""),""),""),IF(E$24="x",IF(F$24="",IF(G$24="",E15,""),""),IF(F$24="x",IF(G$24="",F15,""),IF(G$24="x",G15,"")))) | I15: Stop | J15: =IF(J14="","",IF(H15="","",IF(B10="","",IF(B10>0,J14-H15/$H$11,IF(B10<0,J14+H15/$H$11,""))))) | K15: Simulation | M15: Base Risk (%) | N15: ='1'!$N$15 -> 0.5
C16: Stop | D16: =IF(D14="","",IF(D15="","",D14-D15/$H$11)) | E16: =IF(E14="","",IF(E15="","",E14-E15/$H$11)) | F16: =IF(F14="","",IF(F15="","",F14+F15/$H$11)) | G16: =IF(G14="","",IF(G15="","",G14+G15/$H$11)) | H16: =IF(D$24="x",IF(E$24="",IF(F$24="",IF(G$24="",D16,""),""),""),IF(E$24="x",IF(F$24="",IF(G$24="",E16,""),""),IF(F$24="x",IF(G$24="",F16,""),IF(G$24="x",G16,"")))) | K16: Balance | L16: Lots | M16: Agres (0-100) | N16: ='1'!$N$16 -> 20
C17: Entry | D17: =IF(D16="","",D6) | E17: =IF(E16="","",D6) | F17: =IF(F16="","",D7) | G17: =IF(G16="","",D7) | H17: =IF(D11<>"",D11,IF(D$24="x",IF(E$24="",IF(F$24="",IF(G$24="",D17,""),""),""),IF(E$24="x",IF(F$24="",IF(G$24="",E17,""),""),IF(F$24="x",IF(G$24="",F17,""),IF(G$24="x",G17,""))))) | I17: Target choice | K17: ='1'!$K$17 -> 10000 | L17: =IF(H18="","",IF(K17="","",IF(D5="","",H18*K17/D5))) | M17: Risk (%) | N17: ='1'!N17 -> 0.5
C18: Lots | D18: =IF(D17="","",IF(N17="","",N17*D5/100/(D17-D16)/N19/J11)) | E18: =IF(E17="","",IF(N17="","",N17*D5/100/(E17-E16)/N19/J11)) | F18: =IF(F17="","",IF(N17="","",N17*D5/100/(F17-F16)/N19/J11)) | G18: =IF(G17="","",IF(N17="","",N17*D5/100/(G17-G16)/N19/J11)) | H18: =IF(B11<>"",B11,IF(D$24="x",IF(E$24="",IF(F$24="",IF(G$24="",D18,""),""),""),IF(E$24="x",IF(F$24="",IF(G$24="",E18,""),""),IF(F$24="x",IF(G$24="",F18,""),IF(G$24="x",G18,""))))) | I18: (x) | J18: Price | K18: No Stop | L18: =IF(K17="","",K17/N19/J11/3) -> 0.033333333 | M18: Risk ($) | N18: ='1'!N18 -> 16.30585
C19: R1 | D19: =IF(D18="","",D$17+(D$17-D$16)) | E19: =IF(E18="","",E$17+(E$17-E$16)) | F19: =IF(F18="","",F$17-(F$16-F$17)) | G19: =IF(G18="","",G$17-(G$16-G$17)) | H19: =IF(H18="","",H$17+(H$17-H$16)) | I19: x | J19: =IF(I19="x",H19,IF(I20="x",H20,IF(I21="x",H21,IF(I22="x",H22,IF(I23="x",H23,""))))) | M19: Lot size | N19: =Ativos!$N$22 -> 100000
C20: R2 | D20: =IF(D19="","",D$17+2*(D$17-D$16)) | E20: =IF(E19="","",E$17+2*(E$17-E$16)) | F20: =IF(F19="","",F$17-2*(F$16-F$17)) | G20: =IF(G19="","",G$17-2*(G$16-G$17)) | H20: =IF(H19="","",H$17+2*(H$17-H$16)) | M20: Max leverage | N20: ='1'!$N$20 -> 500
C21: R3 | D21: =IF(D20="","",D$17+3*(D$17-D$16)) | E21: =IF(E20="","",E$17+3*(E$17-E$16)) | F21: =IF(F20="","",F$17-3*(F$16-F$17)) | G21: =IF(G20="","",G$17-3*(G$16-G$17)) | H21: =IF(H20="","",H$17+3*(H$17-H$16)) | J21: RFrac | M21: Max lots | N21: =IF(D5="","",IF(N19="","",IF(N20="","",D5*N20/N19/D6))) -> 21.947735
C22: R4 | D22: =IF(D21="","",D$17+4*(D$17-D$16)) | E22: =IF(E21="","",E$17+4*(E$17-E$16)) | F22: =IF(F21="","",F$17-4*(F$16-F$17)) | G22: =IF(G21="","",G$17-4*(G$16-G$17)) | H22: =IF(H21="","",H$17+4*(H$17-H$16)) | K22: =IF(K23="","",IF(H17="","",(K23-H17)/(H17-H16))) | L22: PF
C23: R5 | D23: =IF(D22="","",D$17+5*(D$17-D$16)) | E23: =IF(E22="","",E$17+5*(E$17-E$16)) | F23: =IF(F22="","",F$17-5*(F$16-F$17)) | G23: =IF(G22="","",G$17-5*(G$16-G$17)) | H23: =IF(H22="","",H$17+5*(H$17-H$16)) | J23: =IF(J22="","",IF(H17="","",H17+J22*(H17-H16))) | L23: Target
C24: Choice (x) | H24: =IF(D$24="x",IF(E$24="",IF(F$24="",IF(G$24="",D13,""),""),""),IF(E$24="x",IF(F$24="",IF(G$24="",D13,""),""),IF(F$24="x",IF(G$24="",F13,""),IF(G$24="x",F13,""))))

Sheet 3
B2: Ativo | C2: =Ativos!$P$18 -> CHFJPY | D2: Spread | E2: =Ativos!$P$21 -> 2.6 | G2: Equity | H2: =SUM(D5:G5) -> 3261.17 | I2: Exit calculator
B3: Balance | D3: Starting balance | F3: $ Profit | I3: TP factor | J3: $ Profit | K3: % | L3: Price
F4: Closed | G4: Floating | H4: Total | J4: =IF(I4="","",IF(N10="","",IF(B10=0,"",I4*N10))) | K4: =IF(J4="","",IF(D5="","",100*J4/D5)) | L4: =IF(I4="","",IF(I10="","",IF(B10="","",IF(B10=0,"",IF(J4="","",I10+(J4-F5-G5)/N19/B10/J11)))))
B5: =D5+F5 -> 3261.17 | D5: =CLog!$Z$42 -> 3261.17 | F5: =IF(J10="",0,J10) -> 0 | G5: =K10 | H5: =IF(F5="",IF(G5="","",G5),IF(G5="",F5,F5+G5)) -> 0 | I5: =IF(J5="","",IF(N10="","",J5/N10)) | J5: =IF(K5="","",K5*D5/100) | K5: =IF(L5="","",100*B10*N19*J11*(L5-D10)/D5) | M5: % Liq Ac | N5: =[3]CRe!$P$32 -> 0.010120092
B6: Ask | D6: =Ativos!$P$19 -> 111.032 | F6: =IF(F5="","",100*F5/D5) -> 0 | G6: =IF(G5="","",100*G5/D5) | H6: =IF(H5="","",100*(H2/D5-1)) -> 0 | I6: Stop | J6: =IF(K6="","",K6*D5/100) | K6: =IF(L6="","",100*B10*N19*J11*(L6-D10)/D5) | L6: =IF(J15<>"",J15,IF(H16="","",H16)) | M6: House Factor | N6: =IF(N17="","",IF(N5="","",N17/N5)) -> 49.406667
B7: Bid | D7: =Ativos!$P$20 -> 111.006 | F7: % Profit | I7: Kelly | J7: =IF(K7="","",-K7*D5/100) -> -16.253937 | K7: =Risk!$C$13 -> 0.49840816 | L7: =IF(K7="","",IF(I10="","",IF(K7=0,"",IF(B10=0,"",I10-(H2-D5-J7)/N19/B10)))) | M7: Kelly Factor | N7: =IF(N17="","",IF(K7="","",IF(K7=0,"",N17/K7))) -> 1.0031938
B8: Lots (+-) | C8: Leverage | D8: Entry Price | E8: Take Profit | F8: $ Target | G8: Swap / Perm | I8: Price | J8: Closed $ | K8: $ Profit | L8: % Profit | M8: Target Default
M9: Take profit | N9: $ Target
B10: =IF(B11<>"",B11,IF(H18="","",H18)) | C10: =IF(B10="","",IF(B10>0,N19*B10*D6/D5,-N19*B10*D7/D5)) | D10: =IF(D11<>"",D11,IF(H17="","",H17)) | E10: =IF(E11<>"",E11,IF(J19="","",J19)) | F10: =IF(B10="","",IF(D10="","",IF(E10="","",B10*N$19*J11*(E10-D10)))) | G10: 0 | I10: =IF(B10="","",IF(B10>0,D$7,D$6)) | J10: =IF(B10="","",IF(H10="t",B10*N$19*(E10-D10)+G10,IF(H10="s",B10*N$19*(L6-D10)+G10,""))) | K10: =IF(B10="","",IF(H10="",B10*N19*J11*(I10-D10)+G10,"")) | L10: =IF(B10="","",IF(H10<>"",100*J10/D$5,100*K10/D$5)) | M10: =IF(E10="","",E10) | N10: =IF(B10="","",IF(D10="","",IF(M10="","",B10*N$19*J11*(M10-D10))))
C11: Broker | G11: Pip Div | H11: =Ativos!$P$23 -> 100 | I11: Pip Value | J11: =Ativos!$P$24 -> 0.91232552 | M11: Current $ | N11: =IF(F10="","",F10+G10)
B12: =D5/N19/3 -> 1.0870567 | C12: No Stop | M12: % | N12: =IF(N11="","",100*N11/D5)
D13: Buy | F13: Sell | H13: Choice | I13: Trailing Stop | M13: PF | N13: =IF(N11="","",IF(J6="","",IF(J6=0,9999.9999,IF(J6>0,"No Loss",-N11/J6))))
C14: Stop Pivot | E14: =IF(D14="","",D14) | G14: =IF(F14="","",F14) | I14: Pivot | M14: Risk
C15: Stop Pips off | D15: ='1'!D15 -> 20 | E15: ='1'!E15 -> 3 | F15: ='1'!F15 -> 15 | G15: ='1'!G15 -> 1 | H15: =IF(D$24="x",IF(E$24="",IF(F$24="",IF(G$24="",D15,""),""),""),IF(E$24="x",IF(F$24="",IF(G$24="",E15,""),""),IF(F$24="x",IF(G$24="",F15,""),IF(G$24="x",G15,"")))) | I15: Stop | J15: =IF(J14="","",IF(H15="","",IF(B10="","",IF(B10>0,J14-H15/$H$11,IF(B10<0,J14+H15/$H$11,""))))) | K15: Simulation | M15: Base Risk (%) | N15: ='1'!$N$15 -> 0.5
C16: Stop | D16: =IF(D14="","",IF(D15="","",D14-D15/$H$11)) | E16: =IF(E14="","",IF(E15="","",E14-E15/$H$11)) | F16: =IF(F14="","",IF(F15="","",F14+F15/$H$11)) | G16: =IF(G14="","",IF(G15="","",G14+G15/$H$11)) | H16: =IF(D$24="x",IF(E$24="",IF(F$24="",IF(G$24="",D16,""),""),""),IF(E$24="x",IF(F$24="",IF(G$24="",E16,""),""),IF(F$24="x",IF(G$24="",F16,""),IF(G$24="x",G16,"")))) | K16: Balance | L16: Lots | M16: Agres (0-100) | N16: ='1'!$N$16 -> 20
C17: Entry | D17: =IF(D16="","",D6) | E17: =IF(E16="","",D6) | F17: =IF(F16="","",D7) | G17: =IF(G16="","",D7) | H17: =IF(D11<>"",D11,IF(D$24="x",IF(E$24="",IF(F$24="",IF(G$24="",D17,""),""),""),IF(E$24="x",IF(F$24="",IF(G$24="",E17,""),""),IF(F$24="x",IF(G$24="",F17,""),IF(G$24="x",G17,""))))) | I17: Target choice | K17: ='1'!$K$17 -> 10000 | L17: =IF(H18="","",IF(K17="","",IF(D5="","",H18*K17/D5))) | M17: Risk (%) | N17: ='1'!N17 -> 0.5
C18: Lots | D18: =IF(D17="","",IF(N17="","",N17*D5/100/(D17-D16)/N19/J11)) | E18: =IF(E17="","",IF(N17="","",N17*D5/100/(E17-E16)/N19/J11)) | F18: =IF(F17="","",IF(N17="","",N17*D5/100/(F17-F16)/N19/J11)) | G18: =IF(G17="","",IF(N17="","",N17*D5/100/(G17-G16)/N19/J11)) | H18: =IF(B11<>"",B11,IF(D$24="x",IF(E$24="",IF(F$24="",IF(G$24="",D18,""),""),""),IF(E$24="x",IF(F$24="",IF(G$24="",E18,""),""),IF(F$24="x",IF(G$24="",F18,""),IF(G$24="x",G18,""))))) | I18: (x) | J18: Price | K18: No Stop | L18: =IF(K17="","",K17/N19/J11/3) -> 3.6536667 | M18: Risk ($) | N18: ='1'!N18 -> 16.30585
C19: R1 | D19: =IF(D18="","",D$17+(D$17-D$16)) | E19: =IF(E18="","",E$17+(E$17-E$16)) | F19: =IF(F18="","",F$17-(F$16-F$17)) | G19: =IF(G18="","",G$17-(G$16-G$17)) | H19: =IF(H18="","",H$17+(H$17-H$16)) | I19: x | J19: =IF(I19="x",H19,IF(I20="x",H20,IF(I21="x",H21,IF(I22="x",H22,IF(I23="x",H23,""))))) | M19: Lot size | N19: =Ativos!$P$22 -> 1000
C20: R2 | D20: =IF(D19="","",D$17+2*(D$17-D$16)) | E20: =IF(E19="","",E$17+2*(E$17-E$16)) | F20: =IF(F19="","",F$17-2*(F$16-F$17)) | G20: =IF(G19="","",G$17-2*(G$16-G$17)) | H20: =IF(H19="","",H$17+2*(H$17-H$16)) | M20: Max leverage | N20: ='1'!$N$20 -> 500
C21: R3 | D21: =IF(D20="","",D$17+3*(D$17-D$16)) | E21: =IF(E20="","",E$17+3*(E$17-E$16)) | F21: =IF(F20="","",F$17-3*(F$16-F$17)) | G21: =IF(G20="","",G$17-3*(G$16-G$17)) | H21: =IF(H20="","",H$17+3*(H$17-H$16)) | J21: RFrac | M21: Max lots | N21: =IF(D5="","",IF(N19="","",IF(N20="","",D5*N20/N19/D6))) -> 14.685721
C22: R4 | D22: =IF(D21="","",D$17+4*(D$17-D$16)) | E22: =IF(E21="","",E$17+4*(E$17-E$16)) | F22: =IF(F21="","",F$17-4*(F$16-F$17)) | G22: =IF(G21="","",G$17-4*(G$16-G$17)) | H22: =IF(H21="","",H$17+4*(H$17-H$16)) | K22: =IF(K23="","",IF(H17="","",(K23-H17)/(H17-H16))) | L22: PF
C23: R5 | D23: =IF(D22="","",D$17+5*(D$17-D$16)) | E23: =IF(E22="","",E$17+5*(E$17-E$16)) | F23: =IF(F22="","",F$17-5*(F$16-F$17)) | G23: =IF(G22="","",G$17-5*(G$16-G$17)) | H23: =IF(H22="","",H$17+5*(H$17-H$16)) | J23: =IF(J22="","",IF(H17="","",H17+J22*(H17-H16))) | L23: Target
C24: Choice (x) | H24: =IF(D$24="x",IF(E$24="",IF(F$24="",IF(G$24="",D13,""),""),""),IF(E$24="x",IF(F$24="",IF(G$24="",D13,""),""),IF(F$24="x",IF(G$24="",F13,""),IF(G$24="x",F13,""))))

Sheet 4
B2: Ativo | C2: =Ativos!$R$18 -> EURGBP | D2: Spread | E2: =Ativos!$R$21 -> 1.7 | G2: Equity | H2: =SUM(D5:G5) -> 3261.17 | I2: Exit calculator
B3: Balance | D3: Starting balance | F3: $ Profit | I3: TP factor | J3: $ Profit | K3: % | L3: Price
F4: Closed | G4: Floating | H4: Total | J4: =IF(I4="","",IF(N10="","",IF(B10=0,"",I4*N10))) | K4: =IF(J4="","",IF(D5="","",100*J4/D5)) | L4: =IF(I4="","",IF(I10="","",IF(B10="","",IF(B10=0,"",IF(J4="","",I10+(J4-F5-G5)/N19/B10/J11)))))
B5: =D5+F5 -> 3261.17 | D5: =CLog!$Z$42 -> 3261.17 | F5: =IF(J10="",0,J10) -> 0 | G5: =K10 | H5: =IF(F5="",IF(G5="","",G5),IF(G5="",F5,F5+G5)) -> 0 | I5: =IF(J5="","",IF(N10="","",J5/N10)) | J5: =IF(K5="","",K5*D5/100) | K5: =IF(L5="","",100*B10*N19*J11*(L5-D10)/D5) | M5: % Liq Ac | N5: =[3]CRe!$P$32 -> 0.010120092
B6: Ask | D6: =Ativos!$R$19 -> 0.88012 | F6: =IF(F5="","",100*F5/D5) -> 0 | G6: =IF(G5="","",100*G5/D5) | H6: =IF(H5="","",100*(H2/D5-1)) -> 0 | I6: Stop | J6: =IF(K6="","",K6*D5/100) | K6: =IF(L6="","",100*B10*N19*J11*(L6-D10)/D5) | L6: =IF(J15<>"",J15,IF(H16="","",H16)) | M6: House Factor | N6: =IF(N17="","",IF(N5="","",N17/N5)) -> 49.406667
B7: Bid | D7: =Ativos!$R$20 -> 0.87995 | F7: % Profit | I7: Kelly | J7: =IF(K7="","",-K7*D5/100) -> -16.253937 | K7: =Risk!$C$13 -> 0.49840816 | L7: =IF(K7="","",IF(I10="","",IF(K7=0,"",IF(B10=0,"",I10-(H2-D5-J7)/N19/B10)))) | M7: Kelly Factor | N7: =IF(N17="","",IF(K7="","",IF(K7=0,"",N17/K7))) -> 1.0031938
B8: Lots (+-) | C8: Leverage | D8: Entry Price | E8: Take Profit | F8: $ Target | G8: Swap / Perm | I8: Price | J8: Closed $ | K8: $ Profit | L8: % Profit | M8: Target Default
M9: Take profit | N9: $ Target
B10: =IF(B11<>"",B11,IF(H18="","",H18)) | C10: =IF(B10="","",IF(B10>0,N19*B10*D6/D5,-N19*B10*D7/D5)) | D10: =IF(D11<>"",D11,IF(H17="","",H17)) | E10: =IF(E11<>"",E11,IF(J19="","",J19)) | F10: =IF(B10="","",IF(D10="","",IF(E10="","",B10*N$19*J11*(E10-D10)))) | G10: 0 | I10: =IF(B10="","",IF(B10>0,D$7,D$6)) | J10: =IF(B10="","",IF(H10="t",B10*N$19*(E10-D10)+G10,IF(H10="s",B10*N$19*(L6-D10)+G10,""))) | K10: =IF(B10="","",IF(H10="",B10*N19*J11*(I10-D10)+G10,"")) | L10: =IF(B10="","",IF(H10<>"",100*J10/D$5,100*K10/D$5)) | M10: =IF(E10="","",E10) | N10: =IF(B10="","",IF(D10="","",IF(M10="","",B10*N$19*J11*(M10-D10))))
C11: Broker | G11: Pip Div | H11: =Ativos!$R$23 -> 10000 | I11: Pip Value | J11: =Ativos!$R$24 -> 1.5091806 | M11: Current $ | N11: =IF(F10="","",F10+G10)
B12: =D5/N19/3 -> 0.010870567 | C12: No Stop | M12: % | N12: =IF(N11="","",100*N11/D5)
D13: Buy | F13: Sell | H13: Choice | I13: Trailing Stop | M13: PF | N13: =IF(N11="","",IF(J6="","",IF(J6=0,9999.9999,IF(J6>0,"No Loss",-N11/J6))))
C14: Stop Pivot | E14: =IF(D14="","",D14) | G14: =IF(F14="","",F14) | I14: Pivot | M14: Risk
C15: Stop Pips off | D15: ='1'!D15 -> 20 | E15: ='1'!E15 -> 3 | F15: ='1'!F15 -> 15 | G15: ='1'!G15 -> 1 | H15: =IF(D$24="x",IF(E$24="",IF(F$24="",IF(G$24="",D15,""),""),""),IF(E$24="x",IF(F$24="",IF(G$24="",E15,""),""),IF(F$24="x",IF(G$24="",F15,""),IF(G$24="x",G15,"")))) | I15: Stop | J15: =IF(J14="","",IF(H15="","",IF(B10="","",IF(B10>0,J14-H15/$H$11,IF(B10<0,J14+H15/$H$11,""))))) | K15: Simulation | M15: Base Risk (%) | N15: ='1'!$N$15 -> 0.5
C16: Stop | D16: =IF(D14="","",IF(D15="","",D14-D15/$H$11)) | E16: =IF(E14="","",IF(E15="","",E14-E15/$H$11)) | F16: =IF(F14="","",IF(F15="","",F14+F15/$H$11)) | G16: =IF(G14="","",IF(G15="","",G14+G15/$H$11)) | H16: =IF(D$24="x",IF(E$24="",IF(F$24="",IF(G$24="",D16,""),""),""),IF(E$24="x",IF(F$24="",IF(G$24="",E16,""),""),IF(F$24="x",IF(G$24="",F16,""),IF(G$24="x",G16,"")))) | K16: Balance | L16: Lots | M16: Agres (0-100) | N16: ='1'!$N$16 -> 20
C17: Entry | D17: =IF(D16="","",D6) | E17: =IF(E16="","",D6) | F17: =IF(F16="","",D7) | G17: =IF(G16="","",D7) | H17: =IF(D11<>"",D11,IF(D$24="x",IF(E$24="",IF(F$24="",IF(G$24="",D17,""),""),""),IF(E$24="x",IF(F$24="",IF(G$24="",E17,""),""),IF(F$24="x",IF(G$24="",F17,""),IF(G$24="x",G17,""))))) | I17: Target choice | K17: ='1'!$K$17 -> 10000 | L17: =IF(H18="","",IF(K17="","",IF(D5="","",H18*K17/D5))) | M17: Risk (%) | N17: ='1'!N17 -> 0.5
C18: Lots | D18: =IF(D17="","",IF(N17="","",N17*D5/100/(D17-D16)/N19/J11)) | E18: =IF(E17="","",IF(N17="","",N17*D5/100/(E17-E16)/N19/J11)) | F18: =IF(F17="","",IF(N17="","",N17*D5/100/(F17-F16)/N19/J11)) | G18: =IF(G17="","",IF(N17="","",N17*D5/100/(G17-G16)/N19/J11)) | H18: =IF(B11<>"",B11,IF(D$24="x",IF(E$24="",IF(F$24="",IF(G$24="",D18,""),""),""),IF(E$24="x",IF(F$24="",IF(G$24="",E18,""),""),IF(F$24="x",IF(G$24="",F18,""),IF(G$24="x",G18,""))))) | I18: (x) | J18: Price | K18: No Stop | L18: =IF(K17="","",K17/N19/J11/3) -> 0.022087041 | M18: Risk ($) | N18: ='1'!N18 -> 16.30585
C19: R1 | D19: =IF(D18="","",D$17+(D$17-D$16)) | E19: =IF(E18="","",E$17+(E$17-E$16)) | F19: =IF(F18="","",F$17-(F$16-F$17)) | G19: =IF(G18="","",G$17-(G$16-G$17)) | H19: =IF(H18="","",H$17+(H$17-H$16)) | I19: x | J19: =IF(I19="x",H19,IF(I20="x",H20,IF(I21="x",H21,IF(I22="x",H22,IF(I23="x",H23,""))))) | M19: Lot size | N19: =Ativos!$R$22 -> 100000
C20: R2 | D20: =IF(D19="","",D$17+2*(D$17-D$16)) | E20: =IF(E19="","",E$17+2*(E$17-E$16)) | F20: =IF(F19="","",F$17-2*(F$16-F$17)) | G20: =IF(G19="","",G$17-2*(G$16-G$17)) | H20: =IF(H19="","",H$17+2*(H$17-H$16)) | M20: Max leverage | N20: ='1'!$N$20 -> 500
C21: R3 | D21: =IF(D20="","",D$17+3*(D$17-D$16)) | E21: =IF(E20="","",E$17+3*(E$17-E$16)) | F21: =IF(F20="","",F$17-3*(F$16-F$17)) | G21: =IF(G20="","",G$17-3*(G$16-G$17)) | H21: =IF(H20="","",H$17+3*(H$17-H$16)) | J21: RFrac | M21: Max lots | N21: =IF(D5="","",IF(N19="","",IF(N20="","",D5*N20/N19/D6))) -> 18.526849
C22: R4 | D22: =IF(D21="","",D$17+4*(D$17-D$16)) | E22: =IF(E21="","",E$17+4*(E$17-E$16)) | F22: =IF(F21="","",F$17-4*(F$16-F$17)) | G22: =IF(G21="","",G$17-4*(G$16-G$17)) | H22: =IF(H21="","",H$17+4*(H$17-H$16)) | K22: =IF(K23="","",IF(H17="","",(K23-H17)/(H17-H16))) | L22: PF
C23: R5 | D23: =IF(D22="","",D$17+5*(D$17-D$16)) | E23: =IF(E22="","",E$17+5*(E$17-E$16)) | F23: =IF(F22="","",F$17-5*(F$16-F$17)) | G23: =IF(G22="","",G$17-5*(G$16-G$17)) | H23: =IF(H22="","",H$17+5*(H$17-H$16)) | J23: =IF(J22="","",IF(H17="","",H17+J22*(H17-H16))) | L23: Target
C24: Choice (x) | H24: =IF(D$24="x",IF(E$24="",IF(F$24="",IF(G$24="",D13,""),""),""),IF(E$24="x",IF(F$24="",IF(G$24="",D13,""),""),IF(F$24="x",IF(G$24="",F13,""),IF(G$24="x",F13,""))))

Sheet 5
B2: Ativo | C2: =Ativos!$T$18 -> EURJPY | D2: Spread | E2: =Ativos!$T$21 -> 2.2 | G2: Equity | H2: =SUM(D5:G5) -> 3261.17 | I2: Exit calculator
B3: Balance | D3: Starting balance | F3: $ Profit | I3: TP factor | J3: $ Profit | K3: % | L3: Price
F4: Closed | G4: Floating | H4: Total | J4: =IF(I4="","",IF(N10="","",IF(B10=0,"",I4*N10))) | K4: =IF(J4="","",IF(D5="","",100*J4/D5)) | L4: =IF(I4="","",IF(I10="","",IF(B10="","",IF(B10=0,"",IF(J4="","",I10+(J4-F5-G5)/N19/B10/J11)))))
B5: =D5+F5 -> 3261.17 | D5: =CLog!$Z$42 -> 3261.17 | F5: =IF(J10="",0,J10) -> 0 | G5: =K10 | H5: =IF(F5="",IF(G5="","",G5),IF(G5="",F5,F5+G5)) -> 0 | I5: =IF(J5="","",IF(N10="","",J5/N10)) | J5: =IF(K5="","",K5*D5/100) | K5: =IF(L5="","",100*B10*N19*J11*(L5-D10)/D5) | M5: % Liq Ac | N5: =[3]CRe!$P$32 -> 0.010120092
B6: Ask | D6: =Ativos!$T$19 -> 128.117 | F6: =IF(F5="","",100*F5/D5) -> 0 | G6: =IF(G5="","",100*G5/D5) | H6: =IF(H5="","",100*(H2/D5-1)) -> 0 | I6: Stop | J6: =IF(K6="","",K6*D5/100) | K6: =IF(L6="","",100*B10*N19*J11*(L6-D10)/D5) | L6: =IF(J15<>"",J15,IF(H16="","",H16)) | M6: House Factor | N6: =IF(N17="","",IF(N5="","",N17/N5)) -> 49.406667
B7: Bid | D7: =Ativos!$T$20 -> 128.095 | F7: % Profit | I7: Kelly | J7: =IF(K7="","",-K7*D5/100) -> -16.253937 | K7: =Risk!$C$13 -> 0.49840816 | L7: =IF(K7="","",IF(I10="","",IF(K7=0,"",IF(B10=0,"",I10-(H2-D5-J7)/N19/B10)))) | M7: Kelly Factor | N7: =IF(N17="","",IF(K7="","",IF(K7=0,"",N17/K7))) -> 1.0031938
B8: Lots (+-) | C8: Leverage | D8: Entry Price | E8: Take Profit | F8: $ Target | G8: Swap / Perm | I8: Price | J8: Closed $ | K8: $ Profit | L8: % Profit | M8: Target Default
M9: Take profit | N9: $ Target
B10: =IF(B11<>"",B11,IF(H18="","",H18)) | C10: =IF(B10="","",IF(B10>0,N19*B10*D6/D5,-N19*B10*D7/D5)) | D10: =IF(D11<>"",D11,IF(H17="","",H17)) | E10: =IF(E11<>"",E11,IF(J19="","",J19)) | F10: =IF(B10="","",IF(D10="","",IF(E10="","",B10*N$19*J11*(E10-D10)))) | G10: 0 | I10: =IF(B10="","",IF(B10>0,D$7,D$6)) | J10: =IF(B10="","",IF(H10="t",B10*N$19*(E10-D10)+G10,IF(H10="s",B10*N$19*(L6-D10)+G10,""))) | K10: =IF(B10="","",IF(H10="",B10*N19*J11*(I10-D10)+G10,"")) | L10: =IF(B10="","",IF(H10<>"",100*J10/D$5,100*K10/D$5)) | M10: =IF(E10="","",E10) | N10: =IF(B10="","",IF(D10="","",IF(M10="","",B10*N$19*J11*(M10-D10))))
C11: Broker | G11: Pip Div | H11: =Ativos!$T$23 -> 100 | I11: Pip Value | J11: =Ativos!$T$24 -> 0.91235355 | M11: Current $ | N11: =IF(F10="","",F10+G10)
B12: =D5/N19/3 -> 1.0870567 | C12: No Stop | M12: % | N12: =IF(N11="","",100*N11/D5)
D13: Buy | F13: Sell | H13: Choice | I13: Trailing Stop | M13: PF | N13: =IF(N11="","",IF(J6="","",IF(J6=0,9999.9999,IF(J6>0,"No Loss",-N11/J6))))
C14: Stop Pivot | E14: =IF(D14="","",D14) | G14: =IF(F14="","",F14) | I14: Pivot | M14: Risk
C15: Stop Pips off | D15: ='1'!D15 -> 20 | E15: ='1'!E15 -> 3 | F15: ='1'!F15 -> 15 | G15: ='1'!G15 -> 1 | H15: =IF(D$24="x",IF(E$24="",IF(F$24="",IF(G$24="",D15,""),""),""),IF(E$24="x",IF(F$24="",IF(G$24="",E15,""),""),IF(F$24="x",IF(G$24="",F15,""),IF(G$24="x",G15,"")))) | I15: Stop | J15: =IF(J14="","",IF(H15="","",IF(B10="","",IF(B10>0,J14-H15/$H$11,IF(B10<0,J14+H15/$H$11,""))))) | K15: Simulation | M15: Base Risk (%) | N15: ='1'!$N$15 -> 0.5
C16: Stop | D16: =IF(D14="","",IF(D15="","",D14-D15/$H$11)) | E16: =IF(E14="","",IF(E15="","",E14-E15/$H$11)) | F16: =IF(F14="","",IF(F15="","",F14+F15/$H$11)) | G16: =IF(G14="","",IF(G15="","",G14+G15/$H$11)) | H16: =IF(D$24="x",IF(E$24="",IF(F$24="",IF(G$24="",D16,""),""),""),IF(E$24="x",IF(F$24="",IF(G$24="",E16,""),""),IF(F$24="x",IF(G$24="",F16,""),IF(G$24="x",G16,"")))) | K16: Balance | L16: Lots | M16: Agres (0-100) | N16: ='1'!$N$16 -> 20
C17: Entry | D17: =IF(D16="","",D6) | E17: =IF(E16="","",D6) | F17: =IF(F16="","",D7) | G17: =IF(G16="","",D7) | H17: =IF(D11<>"",D11,IF(D$24="x",IF(E$24="",IF(F$24="",IF(G$24="",D17,""),""),""),IF(E$24="x",IF(F$24="",IF(G$24="",E17,""),""),IF(F$24="x",IF(G$24="",F17,""),IF(G$24="x",G17,""))))) | I17: Target choice | K17: ='1'!$K$17 -> 10000 | L17: =IF(H18="","",IF(K17="","",IF(D5="","",H18*K17/D5))) | M17: Risk (%) | N17: ='1'!N17 -> 0.5
C18: Lots | D18: =IF(D17="","",IF(N17="","",N17*D5/100/(D17-D16)/N19/J11)) | E18: =IF(E17="","",IF(N17="","",N17*D5/100/(E17-E16)/N19/J11)) | F18: =IF(F17="","",IF(N17="","",N17*D5/100/(F17-F16)/N19/J11)) | G18: =IF(G17="","",IF(N17="","",N17*D5/100/(G17-G16)/N19/J11)) | H18: =IF(B11<>"",B11,IF(D$24="x",IF(E$24="",IF(F$24="",IF(G$24="",D18,""),""),""),IF(E$24="x",IF(F$24="",IF(G$24="",E18,""),""),IF(F$24="x",IF(G$24="",F18,""),IF(G$24="x",G18,""))))) | I18: (x) | J18: Price | K18: No Stop | L18: =IF(K17="","",K17/N19/J11/3) -> 3.6535544 | M18: Risk ($) | N18: ='1'!N18 -> 16.30585
C19: R1 | D19: =IF(D18="","",D$17+(D$17-D$16)) | E19: =IF(E18="","",E$17+(E$17-E$16)) | F19: =IF(F18="","",F$17-(F$16-F$17)) | G19: =IF(G18="","",G$17-(G$16-G$17)) | H19: =IF(H18="","",H$17+(H$17-H$16)) | I19: x | J19: =IF(I19="x",H19,IF(I20="x",H20,IF(I21="x",H21,IF(I22="x",H22,IF(I23="x",H23,""))))) | M19: Lot size | N19: =Ativos!$T$22 -> 1000
C20: R2 | D20: =IF(D19="","",D$17+2*(D$17-D$16)) | E20: =IF(E19="","",E$17+2*(E$17-E$16)) | F20: =IF(F19="","",F$17-2*(F$16-F$17)) | G20: =IF(G19="","",G$17-2*(G$16-G$17)) | H20: =IF(H19="","",H$17+2*(H$17-H$16)) | M20: Max leverage | N20: ='1'!$N$20 -> 500
C21: R3 | D21: =IF(D20="","",D$17+3*(D$17-D$16)) | E21: =IF(E20="","",E$17+3*(E$17-E$16)) | F21: =IF(F20="","",F$17-3*(F$16-F$17)) | G21: =IF(G20="","",G$17-3*(G$16-G$17)) | H21: =IF(H20="","",H$17+3*(H$17-H$16)) | J21: RFrac | M21: Max lots | N21: =IF(D5="","",IF(N19="","",IF(N20="","",D5*N20/N19/D6))) -> 12.727312
C22: R4 | D22: =IF(D21="","",D$17+4*(D$17-D$16)) | E22: =IF(E21="","",E$17+4*(E$17-E$16)) | F22: =IF(F21="","",F$17-4*(F$16-F$17)) | G22: =IF(G21="","",G$17-4*(G$16-G$17)) | H22: =IF(H21="","",H$17+4*(H$17-H$16)) | K22: =IF(K23="","",IF(H17="","",(K23-H17)/(H17-H16))) | L22: PF
C23: R5 | D23: =IF(D22="","",D$17+5*(D$17-D$16)) | E23: =IF(E22="","",E$17+5*(E$17-E$16)) | F23: =IF(F22="","",F$17-5*(F$16-F$17)) | G23: =IF(G22="","",G$17-5*(G$16-G$17)) | H23: =IF(H22="","",H$17+5*(H$17-H$16)) | J23: =IF(J22="","",IF(H17="","",H17+J22*(H17-H16))) | L23: Target
C24: Choice (x) | H24: =IF(D$24="x",IF(E$24="",IF(F$24="",IF(G$24="",D13,""),""),""),IF(E$24="x",IF(F$24="",IF(G$24="",D13,""),""),IF(F$24="x",IF(G$24="",F13,""),IF(G$24="x",F13,""))))

Sheet 6
B2: Ativo | C2: =Ativos!$V$18 -> EURUSD | D2: Spread | E2: =Ativos!$V$21 -> 1.5 | G2: Equity | H2: =SUM(D5:G5) -> 3263.64 | I2: Exit calculator
B3: Balance | D3: Starting balance | F3: $ Profit | I3: TP factor | J3: $ Profit | K3: % | L3: Price
F4: Closed | G4: Floating | H4: Total | J4: =IF(I4="","",IF(N10="","",IF(B10=0,"",I4*N10))) | K4: =IF(J4="","",IF(D5="","",100*J4/D5)) | L4: =IF(I4="","",IF(I10="","",IF(B10="","",IF(B10=0,"",IF(J4="","",I10+(J4-F5-G5)/N19/B10/J11)))))
B5: =D5+F5 -> 3261.17 | D5: =CLog!$Z$42 -> 3261.17 | F5: =IF(J10="",0,J10) -> 0 | G5: =K10 -> 2.47 | H5: =IF(F5="",IF(G5="","",G5),IF(G5="",F5,F5+G5)) -> 2.47 | I5: =IF(J5="","",IF(N10="","",J5/N10)) | J5: =IF(K5="","",K5*D5/100) | K5: =IF(L5="","",100*B10*N19*J11*(L5-D10)/D5) | M5: % Liq Ac | N5: =[3]CRe!$P$32 -> 0.010120092
B6: Ask | D6: =Ativos!$V$19 -> 1.16888 | F6: =IF(F5="","",100*F5/D5) -> 0 | G6: =IF(G5="","",100*G5/D5) -> 0.075739689 | H6: =IF(H5="","",100*(H2/D5-1)) -> 0.075739689 | I6: Stop | J6: =IF(K6="","",K6*D5/100) -> -17.54 | K6: =IF(L6="","",100*B10*N19*J11*(L6-D10)/D5) -> -0.53784378 | L6: =IF(J15<>"",J15,IF(H16="","",H16)) -> 1.14872 | M6: House Factor | N6: =IF(N17="","",IF(N5="","",N17/N5)) -> 49.406667
B7: Bid | D7: =Ativos!$V$20 -> 1.16873 | F7: % Profit | I7: Kelly | J7: =IF(K7="","",-K7*D5/100) -> -16.253937 | K7: =Risk!$C$13 -> 0.49840816 | L7: =IF(K7="","",IF(I10="","",IF(K7=0,"",IF(B10=0,"",I10-(H2-D5-J7)/N19/B10)))) -> 1.1500061 | M7: Kelly Factor | N7: =IF(N17="","",IF(K7="","",IF(K7=0,"",N17/K7))) -> 1.0031938
B8: Lots (+-) | C8: Leverage | D8: Entry Price | E8: Take Profit | F8: $ Target | G8: Swap / Perm | I8: Price | J8: Closed $ | K8: $ Profit | L8: % Profit | M8: Target Default
M9: Take profit | N9: $ Target
B10: =IF(B11<>"",B11,IF(H18="","",H18)) -> 0.01 | C10: =IF(B10="","",IF(B10>0,N19*B10*D6/D5,-N19*B10*D7/D5)) -> 0.35842351 | D10: =IF(D11<>"",D11,IF(H17="","",H17)) -> 1.16626 | E10: =IF(E11<>"",E11,IF(J19="","",J19)) -> 1.1838 | F10: =IF(B10="","",IF(D10="","",IF(E10="","",B10*N$19*J11*(E10-D10)))) -> 17.54 | G10: 0 | I10: =IF(B10="","",IF(B10>0,D$7,D$6)) -> 1.16873 | J10: =IF(B10="","",IF(H10="t",B10*N$19*(E10-D10)+G10,IF(H10="s",B10*N$19*(L6-D10)+G10,""))) | K10: =IF(B10="","",IF(H10="",B10*N19*J11*(I10-D10)+G10,"")) -> 2.47 | L10: =IF(B10="","",IF(H10<>"",100*J10/D$5,100*K10/D$5)) -> 0.075739689 | M10: =IF(E10="","",E10) -> 1.1838 | N10: =IF(B10="","",IF(D10="","",IF(M10="","",B10*N$19*J11*(M10-D10)))) -> 17.54
B11: 0.01 | C11: Broker | D11: 1.16626 | G11: Pip Div | H11: =Ativos!$V$23 -> 10000 | I11: Pip Value | J11: =Ativos!$V$24 -> 1 | M11: Current $ | N11: =IF(F10="","",F10+G10) -> 17.54
B12: =D5/N19/3 -> 0.010870567 | C12: No Stop | M12: % | N12: =IF(N11="","",100*N11/D5) -> 0.53784378
D13: Buy | F13: Sell | H13: Choice | I13: Trailing Stop | M13: PF | N13: =IF(N11="","",IF(J6="","",IF(J6=0,9999.9999,IF(J6>0,"No Loss",-N11/J6)))) -> 1
C14: Stop Pivot | D14: 1.15072 | E14: =IF(D14="","",D14) -> 1.15072 | G14: =IF(F14="","",F14) | I14: Pivot | M14: Risk
C15: Stop Pips off | D15: ='1'!D15 -> 20 | E15: ='1'!E15 -> 3 | F15: ='1'!F15 -> 15 | G15: ='1'!G15 -> 1 | H15: =IF(D$24="x",IF(E$24="",IF(F$24="",IF(G$24="",D15,""),""),""),IF(E$24="x",IF(F$24="",IF(G$24="",E15,""),""),IF(F$24="x",IF(G$24="",F15,""),IF(G$24="x",G15,"")))) -> 20 | I15: Stop | J15: =IF(J14="","",IF(H15="","",IF(B10="","",IF(B10>0,J14-H15/$H$11,IF(B10<0,J14+H15/$H$11,""))))) | K15: Simulation | M15: Base Risk (%) | N15: ='1'!$N$15 -> 0.5
C16: Stop | D16: =IF(D14="","",IF(D15="","",D14-D15/$H$11)) -> 1.14872 | E16: =IF(E14="","",IF(E15="","",E14-E15/$H$11)) -> 1.15042 | F16: =IF(F14="","",IF(F15="","",F14+F15/$H$11)) | G16: =IF(G14="","",IF(G15="","",G14+G15/$H$11)) | H16: =IF(D$24="x",IF(E$24="",IF(F$24="",IF(G$24="",D16,""),""),""),IF(E$24="x",IF(F$24="",IF(G$24="",E16,""),""),IF(F$24="x",IF(G$24="",F16,""),IF(G$24="x",G16,"")))) -> 1.14872 | K16: Balance | L16: Lots | M16: Agres (0-100) | N16: ='1'!$N$16 -> 20
C17: Entry | D17: =IF(D16="","",D6) -> 1.16888 | E17: =IF(E16="","",D6) -> 1.16888 | F17: =IF(F16="","",D7) | G17: =IF(G16="","",D7) | H17: =IF(D11<>"",D11,IF(D$24="x",IF(E$24="",IF(F$24="",IF(G$24="",D17,""),""),""),IF(E$24="x",IF(F$24="",IF(G$24="",E17,""),""),IF(F$24="x",IF(G$24="",F17,""),IF(G$24="x",G17,""))))) -> 1.16626 | I17: Target choice | K17: ='1'!$K$17 -> 10000 | L17: =IF(H18="","",IF(K17="","",IF(D5="","",H18*K17/D5))) -> 0.030663842 | M17: Risk (%) | N17: ='1'!N17 -> 0.5
C18: Lots | D18: =IF(D17="","",IF(N17="","",N17*D5/100/(D17-D16)/N19/J11)) -> 0.0080882192 | E18: =IF(E17="","",IF(N17="","",N17*D5/100/(E17-E16)/N19/J11)) -> 0.0088330715 | F18: =IF(F17="","",IF(N17="","",N17*D5/100/(F17-F16)/N19/J11)) | G18: =IF(G17="","",IF(N17="","",N17*D5/100/(G17-G16)/N19/J11)) | H18: =IF(B11<>"",B11,IF(D$24="x",IF(E$24="",IF(F$24="",IF(G$24="",D18,""),""),""),IF(E$24="x",IF(F$24="",IF(G$24="",E18,""),""),IF(F$24="x",IF(G$24="",F18,""),IF(G$24="x",G18,""))))) -> 0.01 | I18: (x) | J18: Price | K18: No Stop | L18: =IF(K17="","",K17/N19/J11/3) -> 0.033333333 | M18: Risk ($) | N18: ='1'!N18 -> 16.30585
C19: R1 | D19: =IF(D18="","",D$17+(D$17-D$16)) -> 1.18904 | E19: =IF(E18="","",E$17+(E$17-E$16)) -> 1.18734 | F19: =IF(F18="","",F$17-(F$16-F$17)) | G19: =IF(G18="","",G$17-(G$16-G$17)) | H19: =IF(H18="","",H$17+(H$17-H$16)) -> 1.1838 | I19: x | J19: =IF(I19="x",H19,IF(I20="x",H20,IF(I21="x",H21,IF(I22="x",H22,IF(I23="x",H23,""))))) -> 1.1838 | M19: Lot size | N19: =Ativos!$V$22 -> 100000
C20: R2 | D20: =IF(D19="","",D$17+2*(D$17-D$16)) -> 1.2092 | E20: =IF(E19="","",E$17+2*(E$17-E$16)) -> 1.2058 | F20: =IF(F19="","",F$17-2*(F$16-F$17)) | G20: =IF(G19="","",G$17-2*(G$16-G$17)) | H20: =IF(H19="","",H$17+2*(H$17-H$16)) -> 1.20134 | M20: Max leverage | N20: ='1'!$N$20 -> 500
C21: R3 | D21: =IF(D20="","",D$17+3*(D$17-D$16)) -> 1.22936 | E21: =IF(E20="","",E$17+3*(E$17-E$16)) -> 1.22426 | F21: =IF(F20="","",F$17-3*(F$16-F$17)) | G21: =IF(G20="","",G$17-3*(G$16-G$17)) | H21: =IF(H20="","",H$17+3*(H$17-H$16)) -> 1.21888 | J21: RFrac | M21: Max lots | N21: =IF(D5="","",IF(N19="","",IF(N20="","",D5*N20/N19/D6))) -> 13.949978
C22: R4 | D22: =IF(D21="","",D$17+4*(D$17-D$16)) -> 1.24952 | E22: =IF(E21="","",E$17+4*(E$17-E$16)) -> 1.24272 | F22: =IF(F21="","",F$17-4*(F$16-F$17)) | G22: =IF(G21="","",G$17-4*(G$16-G$17)) | H22: =IF(H21="","",H$17+4*(H$17-H$16)) -> 1.23642 | K22: =IF(K23="","",IF(H17="","",(K23-H17)/(H17-H16))) | L22: PF
C23: R5 | D23: =IF(D22="","",D$17+5*(D$17-D$16)) -> 1.26968 | E23: =IF(E22="","",E$17+5*(E$17-E$16)) -> 1.26118 | F23: =IF(F22="","",F$17-5*(F$16-F$17)) | G23: =IF(G22="","",G$17-5*(G$16-G$17)) | H23: =IF(H22="","",H$17+5*(H$17-H$16)) -> 1.25396 | J23: =IF(J22="","",IF(H17="","",H17+J22*(H17-H16))) | L23: Target
C24: Choice (x) | D24: x | H24: =IF(D$24="x",IF(E$24="",IF(F$24="",IF(G$24="",D13,""),""),""),IF(E$24="x",IF(F$24="",IF(G$24="",D13,""),""),IF(F$24="x",IF(G$24="",F13,""),IF(G$24="x",F13,"")))) -> Buy

Sheet 7
B2: Ativo | C2: =Ativos!$L$26 -> GBPUSD | D2: Spread | E2: =Ativos!$L$29 -> 1.9 | G2: Equity | H2: =SUM(D5:G5) -> 3261.17 | I2: Exit calculator
B3: Balance | D3: Starting balance | F3: $ Profit | I3: TP factor | J3: $ Profit | K3: % | L3: Price
F4: Closed | G4: Floating | H4: Total | J4: =IF(I4="","",IF(N10="","",IF(B10=0,"",I4*N10))) | K4: =IF(J4="","",IF(D5="","",100*J4/D5)) | L4: =IF(I4="","",IF(I10="","",IF(B10="","",IF(B10=0,"",IF(J4="","",I10+(J4-F5-G5)/N19/B10/J11)))))
B5: =D5+F5 -> 3261.17 | D5: =CLog!$Z$42 -> 3261.17 | F5: =IF(J10="",0,J10) -> 0 | G5: =K10 | H5: =IF(F5="",IF(G5="","",G5),IF(G5="",F5,F5+G5)) -> 0 | I5: =IF(J5="","",IF(N10="","",J5/N10)) | J5: =IF(K5="","",K5*D5/100) | K5: =IF(L5="","",100*B10*N19*J11*(L5-D10)/D5) | M5: % Liq Ac | N5: =[3]CRe!$P$32 -> 0.010120092
B6: Ask | D6: =Ativos!$L$27 -> 1.32826 | F6: =IF(F5="","",100*F5/D5) -> 0 | G6: =IF(G5="","",100*G5/D5) | H6: =IF(H5="","",100*(H2/D5-1)) -> 0 | I6: Stop | J6: =IF(K6="","",K6*D5/100) | K6: =IF(L6="","",100*B10*N19*J11*(L6-D10)/D5) | L6: =IF(J15<>"",J15,IF(H16="","",H16)) | M6: House Factor | N6: =IF(N17="","",IF(N5="","",N17/N5)) -> 49.406667
B7: Bid | D7: =Ativos!$L$28 -> 1.32807 | F7: % Profit | I7: Kelly | J7: =IF(K7="","",-K7*D5/100) -> -16.253937 | K7: =Risk!$C$13 -> 0.49840816 | L7: =IF(K7="","",IF(I10="","",IF(K7=0,"",IF(B10=0,"",I10-(H2-D5-J7)/N19/B10)))) | M7: Kelly Factor | N7: =IF(N17="","",IF(K7="","",IF(K7=0,"",N17/K7))) -> 1.0031938
B8: Lots (+-) | C8: Leverage | D8: Entry Price | E8: Take Profit | F8: $ Target | G8: Swap / Perm | I8: Price | J8: Closed $ | K8: $ Profit | L8: % Profit | M8: Target Default
M9: Take profit | N9: $ Target
B10: =IF(B11<>"",B11,IF(H18="","",H18)) | C10: =IF(B10="","",IF(B10>0,N19*B10*D6/D5,-N19*B10*D7/D5)) | D10: =IF(D11<>"",D11,IF(H17="","",H17)) | E10: =IF(E11<>"",E11,IF(J19="","",J19)) | F10: =IF(B10="","",IF(D10="","",IF(E10="","",B10*N$19*J11*(E10-D10)))) | G10: 0 | I10: =IF(B10="","",IF(B10>0,D$7,D$6)) | J10: =IF(B10="","",IF(H10="t",B10*N$19*(E10-D10)+G10,IF(H10="s",B10*N$19*(L6-D10)+G10,""))) | K10: =IF(B10="","",IF(H10="",B10*N19*J11*(I10-D10)+G10,"")) | L10: =IF(B10="","",IF(H10<>"",100*J10/D$5,100*K10/D$5)) | M10: =IF(E10="","",E10) | N10: =IF(B10="","",IF(D10="","",IF(M10="","",B10*N$19*J11*(M10-D10))))
C11: Broker | G11: Pip Div | H11: =Ativos!$L$31 -> 10000 | I11: Pip Value | J11: =Ativos!$L$32 -> 1 | M11: Current $ | N11: =IF(F10="","",F10+G10)
B12: =D5/N19/3 -> 0.010870567 | C12: No Stop | M12: % | N12: =IF(N11="","",100*N11/D5)
D13: Buy | F13: Sell | H13: Choice | I13: Trailing Stop | M13: PF | N13: =IF(N11="","",IF(J6="","",IF(J6=0,9999.9999,IF(J6>0,"No Loss",-N11/J6))))
C14: Stop Pivot | E14: =IF(D14="","",D14) | G14: =IF(F14="","",F14) | I14: Pivot | M14: Risk
C15: Stop Pips off | D15: ='1'!D15 -> 20 | E15: ='1'!E15 -> 3 | F15: ='1'!F15 -> 15 | G15: ='1'!G15 -> 1 | H15: =IF(D$24="x",IF(E$24="",IF(F$24="",IF(G$24="",D15,""),""),""),IF(E$24="x",IF(F$24="",IF(G$24="",E15,""),""),IF(F$24="x",IF(G$24="",F15,""),IF(G$24="x",G15,"")))) | I15: Stop | J15: =IF(J14="","",IF(H15="","",IF(B10="","",IF(B10>0,J14-H15/$H$11,IF(B10<0,J14+H15/$H$11,""))))) | K15: Simulation | M15: Base Risk (%) | N15: ='1'!$N$15 -> 0.5
C16: Stop | D16: =IF(D14="","",IF(D15="","",D14-D15/$H$11)) | E16: =IF(E14="","",IF(E15="","",E14-E15/$H$11)) | F16: =IF(F14="","",IF(F15="","",F14+F15/$H$11)) | G16: =IF(G14="","",IF(G15="","",G14+G15/$H$11)) | H16: =IF(D$24="x",IF(E$24="",IF(F$24="",IF(G$24="",D16,""),""),""),IF(E$24="x",IF(F$24="",IF(G$24="",E16,""),""),IF(F$24="x",IF(G$24="",F16,""),IF(G$24="x",G16,"")))) | K16: Balance | L16: Lots | M16: Agres (0-100) | N16: ='1'!$N$16 -> 20
C17: Entry | D17: =IF(D16="","",D6) | E17: =IF(E16="","",D6) | F17: =IF(F16="","",D7) | G17: =IF(G16="","",D7) | H17: =IF(D11<>"",D11,IF(D$24="x",IF(E$24="",IF(F$24="",IF(G$24="",D17,""),""),""),IF(E$24="x",IF(F$24="",IF(G$24="",E17,""),""),IF(F$24="x",IF(G$24="",F17,""),IF(G$24="x",G17,""))))) | I17: Target choice | K17: ='1'!$K$17 -> 10000 | L17: =IF(H18="","",IF(K17="","",IF(D5="","",H18*K17/D5))) | M17: Risk (%) | N17: ='1'!N17 -> 0.5
C18: Lots | D18: =IF(D17="","",IF(N17="","",N17*D5/100/(D17-D16)/N19/J11)) | E18: =IF(E17="","",IF(N17="","",N17*D5/100/(E17-E16)/N19/J11)) | F18: =IF(F17="","",IF(N17="","",N17*D5/100/(F17-F16)/N19/J11)) | G18: =IF(G17="","",IF(N17="","",N17*D5/100/(G17-G16)/N19/J11)) | H18: =IF(B11<>"",B11,IF(D$24="x",IF(E$24="",IF(F$24="",IF(G$24="",D18,""),""),""),IF(E$24="x",IF(F$24="",IF(G$24="",E18,""),""),IF(F$24="x",IF(G$24="",F18,""),IF(G$24="x",G18,""))))) | I18: (x) | J18: Price | K18: No Stop | L18: =IF(K17="","",K17/N19/J11/3) -> 0.033333333 | M18: Risk ($) | N18: ='1'!N18 -> 16.30585
C19: R1 | D19: =IF(D18="","",D$17+(D$17-D$16)) | E19: =IF(E18="","",E$17+(E$17-E$16)) | F19: =IF(F18="","",F$17-(F$16-F$17)) | G19: =IF(G18="","",G$17-(G$16-G$17)) | H19: =IF(H18="","",H$17+(H$17-H$16)) | I19: x | J19: =IF(I19="x",H19,IF(I20="x",H20,IF(I21="x",H21,IF(I22="x",H22,IF(I23="x",H23,""))))) | M19: Lot size | N19: =Ativos!$L$30 -> 100000
C20: R2 | D20: =IF(D19="","",D$17+2*(D$17-D$16)) | E20: =IF(E19="","",E$17+2*(E$17-E$16)) | F20: =IF(F19="","",F$17-2*(F$16-F$17)) | G20: =IF(G19="","",G$17-2*(G$16-G$17)) | H20: =IF(H19="","",H$17+2*(H$17-H$16)) | M20: Max leverage | N20: ='1'!$N$20 -> 500
C21: R3 | D21: =IF(D20="","",D$17+3*(D$17-D$16)) | E21: =IF(E20="","",E$17+3*(E$17-E$16)) | F21: =IF(F20="","",F$17-3*(F$16-F$17)) | G21: =IF(G20="","",G$17-3*(G$16-G$17)) | H21: =IF(H20="","",H$17+3*(H$17-H$16)) | J21: RFrac | M21: Max lots | N21: =IF(D5="","",IF(N19="","",IF(N20="","",D5*N20/N19/D6))) -> 12.276098
C22: R4 | D22: =IF(D21="","",D$17+4*(D$17-D$16)) | E22: =IF(E21="","",E$17+4*(E$17-E$16)) | F22: =IF(F21="","",F$17-4*(F$16-F$17)) | G22: =IF(G21="","",G$17-4*(G$16-G$17)) | H22: =IF(H21="","",H$17+4*(H$17-H$16)) | K22: =IF(K23="","",IF(H17="","",(K23-H17)/(H17-H16))) | L22: PF
C23: R5 | D23: =IF(D22="","",D$17+5*(D$17-D$16)) | E23: =IF(E22="","",E$17+5*(E$17-E$16)) | F23: =IF(F22="","",F$17-5*(F$16-F$17)) | G23: =IF(G22="","",G$17-5*(G$16-G$17)) | H23: =IF(H22="","",H$17+5*(H$17-H$16)) | J23: =IF(J22="","",IF(H17="","",H17+J22*(H17-H16))) | L23: Target
C24: Choice (x) | H24: =IF(D$24="x",IF(E$24="",IF(F$24="",IF(G$24="",D13,""),""),""),IF(E$24="x",IF(F$24="",IF(G$24="",D13,""),""),IF(F$24="x",IF(G$24="",F13,""),IF(G$24="x",F13,""))))

Sheet 8
B2: Ativo | C2: =Ativos!$N$26 -> GOLD | D2: Spread | E2: =Ativos!$N$29 -> 0.31 | G2: Equity | H2: =SUM(D5:G5) -> 3261.17 | I2: Exit calculator
B3: Balance | D3: Starting balance | F3: $ Profit | I3: TP factor | J3: $ Profit | K3: % | L3: Price
F4: Closed | G4: Floating | H4: Total | J4: =IF(I4="","",IF(N10="","",IF(B10=0,"",I4*N10))) | K4: =IF(J4="","",IF(D5="","",100*J4/D5)) | L4: =IF(I4="","",IF(I10="","",IF(B10="","",IF(B10=0,"",IF(J4="","",I10+(J4-F5-G5)/N19/B10/J11)))))
B5: =D5+F5 -> 3261.17 | D5: =CLog!$Z$42 -> 3261.17 | F5: =IF(J10="",0,J10) -> 0 | G5: =K10 | H5: =IF(F5="",IF(G5="","",G5),IF(G5="",F5,F5+G5)) -> 0 | I5: =IF(J5="","",IF(N10="","",J5/N10)) | J5: =IF(K5="","",K5*D5/100) | K5: =IF(L5="","",100*B10*N19*J11*(L5-D10)/D5) | M5: % Liq Ac | N5: =[3]CRe!$P$32 -> 0.010120092
B6: Ask | D6: =Ativos!$N$27 -> 1269.55 | F6: =IF(F5="","",100*F5/D5) -> 0 | G6: =IF(G5="","",100*G5/D5) | H6: =IF(H5="","",100*(H2/D5-1)) -> 0 | I6: Stop | J6: =IF(K6="","",K6*D5/100) | K6: =IF(L6="","",100*B10*N19*J11*(L6-D10)/D5) | L6: =IF(J15<>"",J15,IF(H16="","",H16)) | M6: House Factor | N6: =IF(N17="","",IF(N5="","",N17/N5)) -> 49.406667
B7: Bid | D7: =Ativos!$N$28 -> 1269.24 | F7: % Profit | I7: Kelly | J7: =IF(K7="","",-K7*D5/100) -> -16.253937 | K7: =Risk!$C$13 -> 0.49840816 | L7: =IF(K7="","",IF(I10="","",IF(K7=0,"",IF(B10=0,"",I10-(H2-D5-J7)/N19/B10)))) | M7: Kelly Factor | N7: =IF(N17="","",IF(K7="","",IF(K7=0,"",N17/K7))) -> 1.0031938
B8: Lots (+-) | C8: Leverage | D8: Entry Price | E8: Take Profit | F8: $ Target | G8: Swap / Perm | I8: Price | J8: Closed $ | K8: $ Profit | L8: % Profit | M8: Target Default
M9: Take profit | N9: $ Target
B10: =IF(B11<>"",B11,IF(H18="","",H18)) | C10: =IF(B10="","",IF(B10>0,N19*B10*D6/D5,-N19*B10*D7/D5)) | D10: =IF(D11<>"",D11,IF(H17="","",H17)) | E10: =IF(E11<>"",E11,IF(J19="","",J19)) | F10: =IF(B10="","",IF(D10="","",IF(E10="","",B10*N$19*J11*(E10-D10)))) | G10: 0 | I10: =IF(B10="","",IF(B10>0,D$7,D$6)) | J10: =IF(B10="","",IF(H10="t",B10*N$19*(E10-D10)+G10,IF(H10="s",B10*N$19*(L6-D10)+G10,""))) | K10: =IF(B10="","",IF(H10="",B10*N19*J11*(I10-D10)+G10,"")) | L10: =IF(B10="","",IF(H10<>"",100*J10/D$5,100*K10/D$5)) | M10: =IF(E10="","",E10) | N10: =IF(B10="","",IF(D10="","",IF(M10="","",B10*N$19*J11*(M10-D10))))
C11: Broker | G11: Pip Div | H11: =Ativos!$N$31 -> 10 | I11: Pip Value | J11: =Ativos!$N$32 -> 1 | M11: Current $ | N11: =IF(F10="","",F10+G10)
B12: =D5/N19/3 -> 10.870567 | C12: No Stop | M12: % | N12: =IF(N11="","",100*N11/D5)
D13: Buy | F13: Sell | H13: Choice | I13: Trailing Stop | M13: PF | N13: =IF(N11="","",IF(J6="","",IF(J6=0,9999.9999,IF(J6>0,"No Loss",-N11/J6))))
C14: Stop Pivot | E14: =IF(D14="","",D14) | G14: =IF(F14="","",F14) | I14: Pivot | M14: Risk
C15: Stop Pips off | D15: ='1'!D15 -> 20 | E15: ='1'!E15 -> 3 | F15: ='1'!F15 -> 15 | G15: ='1'!G15 -> 1 | H15: =IF(D$24="x",IF(E$24="",IF(F$24="",IF(G$24="",D15,""),""),""),IF(E$24="x",IF(F$24="",IF(G$24="",E15,""),""),IF(F$24="x",IF(G$24="",F15,""),IF(G$24="x",G15,"")))) | I15: Stop | J15: =IF(J14="","",IF(H15="","",IF(B10="","",IF(B10>0,J14-H15/$H$11,IF(B10<0,J14+H15/$H$11,""))))) | K15: Simulation | M15: Base Risk (%) | N15: ='1'!$N$15 -> 0.5
C16: Stop | D16: =IF(D14="","",IF(D15="","",D14-D15/$H$11)) | E16: =IF(E14="","",IF(E15="","",E14-E15/$H$11)) | F16: =IF(F14="","",IF(F15="","",F14+F15/$H$11)) | G16: =IF(G14="","",IF(G15="","",G14+G15/$H$11)) | H16: =IF(D$24="x",IF(E$24="",IF(F$24="",IF(G$24="",D16,""),""),""),IF(E$24="x",IF(F$24="",IF(G$24="",E16,""),""),IF(F$24="x",IF(G$24="",F16,""),IF(G$24="x",G16,"")))) | K16: Balance | L16: Lots | M16: Agres (0-100) | N16: ='1'!$N$16 -> 20
C17: Entry | D17: =IF(D16="","",D6) | E17: =IF(E16="","",D6) | F17: =IF(F16="","",D7) | G17: =IF(G16="","",D7) | H17: =IF(D11<>"",D11,IF(D$24="x",IF(E$24="",IF(F$24="",IF(G$24="",D17,""),""),""),IF(E$24="x",IF(F$24="",IF(G$24="",E17,""),""),IF(F$24="x",IF(G$24="",F17,""),IF(G$24="x",G17,""))))) | I17: Target choice | K17: ='1'!$K$17 -> 10000 | L17: =IF(H18="","",IF(K17="","",IF(D5="","",H18*K17/D5))) | M17: Risk (%) | N17: ='1'!N17 -> 0.5
C18: Lots | D18: =IF(D17="","",IF(N17="","",N17*D5/100/(D17-D16)/N19/J11)) | E18: =IF(E17="","",IF(N17="","",N17*D5/100/(E17-E16)/N19/J11)) | F18: =IF(F17="","",IF(N17="","",N17*D5/100/(F17-F16)/N19/J11)) | G18: =IF(G17="","",IF(N17="","",N17*D5/100/(G17-G16)/N19/J11)) | H18: =IF(B11<>"",B11,IF(D$24="x",IF(E$24="",IF(F$24="",IF(G$24="",D18,""),""),""),IF(E$24="x",IF(F$24="",IF(G$24="",E18,""),""),IF(F$24="x",IF(G$24="",F18,""),IF(G$24="x",G18,""))))) | I18: (x) | J18: Price | K18: No Stop | L18: =IF(K17="","",K17/N19/J11/3) -> 33.333333 | M18: Risk ($) | N18: ='1'!N18 -> 16.30585
C19: R1 | D19: =IF(D18="","",D$17+(D$17-D$16)) | E19: =IF(E18="","",E$17+(E$17-E$16)) | F19: =IF(F18="","",F$17-(F$16-F$17)) | G19: =IF(G18="","",G$17-(G$16-G$17)) | H19: =IF(H18="","",H$17+(H$17-H$16)) | I19: x | J19: =IF(I19="x",H19,IF(I20="x",H20,IF(I21="x",H21,IF(I22="x",H22,IF(I23="x",H23,""))))) | M19: Lot size | N19: =Ativos!$N$30 -> 100
C20: R2 | D20: =IF(D19="","",D$17+2*(D$17-D$16)) | E20: =IF(E19="","",E$17+2*(E$17-E$16)) | F20: =IF(F19="","",F$17-2*(F$16-F$17)) | G20: =IF(G19="","",G$17-2*(G$16-G$17)) | H20: =IF(H19="","",H$17+2*(H$17-H$16)) | M20: Max leverage | N20: ='1'!$N$20 -> 500
C21: R3 | D21: =IF(D20="","",D$17+3*(D$17-D$16)) | E21: =IF(E20="","",E$17+3*(E$17-E$16)) | F21: =IF(F20="","",F$17-3*(F$16-F$17)) | G21: =IF(G20="","",G$17-3*(G$16-G$17)) | H21: =IF(H20="","",H$17+3*(H$17-H$16)) | J21: RFrac | M21: Max lots | N21: =IF(D5="","",IF(N19="","",IF(N20="","",D5*N20/N19/D6))) -> 12.843803
C22: R4 | D22: =IF(D21="","",D$17+4*(D$17-D$16)) | E22: =IF(E21="","",E$17+4*(E$17-E$16)) | F22: =IF(F21="","",F$17-4*(F$16-F$17)) | G22: =IF(G21="","",G$17-4*(G$16-G$17)) | H22: =IF(H21="","",H$17+4*(H$17-H$16)) | K22: =IF(K23="","",IF(H17="","",(K23-H17)/(H17-H16))) | L22: PF
C23: R5 | D23: =IF(D22="","",D$17+5*(D$17-D$16)) | E23: =IF(E22="","",E$17+5*(E$17-E$16)) | F23: =IF(F22="","",F$17-5*(F$16-F$17)) | G23: =IF(G22="","",G$17-5*(G$16-G$17)) | H23: =IF(H22="","",H$17+5*(H$17-H$16)) | J23: =IF(J22="","",IF(H17="","",H17+J22*(H17-H16))) | L23: Target
C24: Choice (x) | H24: =IF(D$24="x",IF(E$24="",IF(F$24="",IF(G$24="",D13,""),""),""),IF(E$24="x",IF(F$24="",IF(G$24="",D13,""),""),IF(F$24="x",IF(G$24="",F13,""),IF(G$24="x",F13,""))))

Sheet 9
B2: Ativo | C2: =Ativos!$P$26 -> SILVER | D2: Spread | E2: =Ativos!$P$29 -> 0.034 | G2: Equity | H2: =SUM(D5:G5) -> 3261.17 | I2: Exit calculator
B3: Balance | D3: Starting balance | F3: $ Profit | I3: TP factor | J3: $ Profit | K3: % | L3: Price
F4: Closed | G4: Floating | H4: Total | J4: =IF(I4="","",IF(N10="","",IF(B10=0,"",I4*N10))) | K4: =IF(J4="","",IF(D5="","",100*J4/D5)) | L4: =IF(I4="","",IF(I10="","",IF(B10="","",IF(B10=0,"",IF(J4="","",I10+(J4-F5-G5)/N19/B10/J11)))))
B5: =D5+F5 -> 3261.17 | D5: =CLog!$Z$42 -> 3261.17 | F5: =IF(J10="",0,J10) -> 0 | G5: =K10 | H5: =IF(F5="",IF(G5="","",G5),IF(G5="",F5,F5+G5)) -> 0 | I5: =IF(J5="","",IF(N10="","",J5/N10)) | J5: =IF(K5="","",K5*D5/100) | K5: =IF(L5="","",100*B10*N19*J11*(L5-D10)/D5) | M5: % Liq Ac | N5: =[3]CRe!$P$32 -> 0.010120092
B6: Ask | D6: =Ativos!$P$27 -> 16.441 | F6: =IF(F5="","",100*F5/D5) -> 0 | G6: =IF(G5="","",100*G5/D5) | H6: =IF(H5="","",100*(H2/D5-1)) -> 0 | I6: Stop | J6: =IF(K6="","",K6*D5/100) | K6: =IF(L6="","",100*B10*N19*J11*(L6-D10)/D5) | L6: =IF(J15<>"",J15,IF(H16="","",H16)) | M6: House Factor | N6: =IF(N17="","",IF(N5="","",N17/N5)) -> 49.406667
B7: Bid | D7: =Ativos!$P$28 -> 16.407 | F7: % Profit | I7: Kelly | J7: =IF(K7="","",-K7*D5/100) -> -16.253937 | K7: =Risk!$C$13 -> 0.49840816 | L7: =IF(K7="","",IF(I10="","",IF(K7=0,"",IF(B10=0,"",I10-(H2-D5-J7)/N19/B10)))) | M7: Kelly Factor | N7: =IF(N17="","",IF(K7="","",IF(K7=0,"",N17/K7))) -> 1.0031938
B8: Lots (+-) | C8: Leverage | D8: Entry Price | E8: Take Profit | F8: $ Target | G8: Swap / Perm | I8: Price | J8: Closed $ | K8: $ Profit | L8: % Profit | M8: Target Default
M9: Take profit | N9: $ Target
B10: =IF(B11<>"",B11,IF(H18="","",H18)) | C10: =IF(B10="","",IF(B10>0,N19*B10*D6/D5,-N19*B10*D7/D5)) | D10: =IF(D11<>"",D11,IF(H17="","",H17)) | E10: =IF(E11<>"",E11,IF(J19="","",J19)) | F10: =IF(B10="","",IF(D10="","",IF(E10="","",B10*N$19*J11*(E10-D10)))) | G10: 0 | I10: =IF(B10="","",IF(B10>0,D$7,D$6)) | J10: =IF(B10="","",IF(H10="t",B10*N$19*(E10-D10)+G10,IF(H10="s",B10*N$19*(L6-D10)+G10,""))) | K10: =IF(B10="","",IF(H10="",B10*N19*J11*(I10-D10)+G10,"")) | L10: =IF(B10="","",IF(H10<>"",100*J10/D$5,100*K10/D$5)) | M10: =IF(E10="","",E10) | N10: =IF(B10="","",IF(D10="","",IF(M10="","",B10*N$19*J11*(M10-D10))))
C11: Broker | G11: Pip Div | H11: =Ativos!$P$31 -> 100 | I11: Pip Value | J11: =Ativos!$P$32 -> 1 | M11: Current $ | N11: =IF(F10="","",F10+G10)
B12: =D5/N19/3 -> 0.21741133 | C12: No Stop | M12: % | N12: =IF(N11="","",100*N11/D5)
D13: Buy | F13: Sell | H13: Choice | I13: Trailing Stop | M13: PF | N13: =IF(N11="","",IF(J6="","",IF(J6=0,9999.9999,IF(J6>0,"No Loss",-N11/J6))))
C14: Stop Pivot | E14: =IF(D14="","",D14) | G14: =IF(F14="","",F14) | I14: Pivot | M14: Risk
C15: Stop Pips off | D15: ='1'!D15 -> 20 | E15: ='1'!E15 -> 3 | F15: ='1'!F15 -> 15 | G15: ='1'!G15 -> 1 | H15: =IF(D$24="x",IF(E$24="",IF(F$24="",IF(G$24="",D15,""),""),""),IF(E$24="x",IF(F$24="",IF(G$24="",E15,""),""),IF(F$24="x",IF(G$24="",F15,""),IF(G$24="x",G15,"")))) | I15: Stop | J15: =IF(J14="","",IF(H15="","",IF(B10="","",IF(B10>0,J14-H15/$H$11,IF(B10<0,J14+H15/$H$11,""))))) | K15: Simulation | M15: Base Risk (%) | N15: ='1'!$N$15 -> 0.5
C16: Stop | D16: =IF(D14="","",IF(D15="","",D14-D15/$H$11)) | E16: =IF(E14="","",IF(E15="","",E14-E15/$H$11)) | F16: =IF(F14="","",IF(F15="","",F14+F15/$H$11)) | G16: =IF(G14="","",IF(G15="","",G14+G15/$H$11)) | H16: =IF(D$24="x",IF(E$24="",IF(F$24="",IF(G$24="",D16,""),""),""),IF(E$24="x",IF(F$24="",IF(G$24="",E16,""),""),IF(F$24="x",IF(G$24="",F16,""),IF(G$24="x",G16,"")))) | K16: Balance | L16: Lots | M16: Agres (0-100) | N16: ='1'!$N$16 -> 20
C17: Entry | D17: =IF(D16="","",D6) | E17: =IF(E16="","",D6) | F17: =IF(F16="","",D7) | G17: =IF(G16="","",D7) | H17: =IF(D11<>"",D11,IF(D$24="x",IF(E$24="",IF(F$24="",IF(G$24="",D17,""),""),""),IF(E$24="x",IF(F$24="",IF(G$24="",E17,""),""),IF(F$24="x",IF(G$24="",F17,""),IF(G$24="x",G17,""))))) | I17: Target choice | K17: ='1'!$K$17 -> 10000 | L17: =IF(H18="","",IF(K17="","",IF(D5="","",H18*K17/D5))) | M17: Risk (%) | N17: ='1'!N17 -> 0.5
C18: Lots | D18: =IF(D17="","",IF(N17="","",N17*D5/100/(D17-D16)/N19/J11)) | E18: =IF(E17="","",IF(N17="","",N17*D5/100/(E17-E16)/N19/J11)) | F18: =IF(F17="","",IF(N17="","",N17*D5/100/(F17-F16)/N19/J11)) | G18: =IF(G17="","",IF(N17="","",N17*D5/100/(G17-G16)/N19/J11)) | H18: =IF(B11<>"",B11,IF(D$24="x",IF(E$24="",IF(F$24="",IF(G$24="",D18,""),""),""),IF(E$24="x",IF(F$24="",IF(G$24="",E18,""),""),IF(F$24="x",IF(G$24="",F18,""),IF(G$24="x",G18,""))))) | I18: (x) | J18: Price | K18: No Stop | L18: =IF(K17="","",K17/N19/J11/3) -> 0.66666667 | M18: Risk ($) | N18: ='1'!N18 -> 16.30585
C19: R1 | D19: =IF(D18="","",D$17+(D$17-D$16)) | E19: =IF(E18="","",E$17+(E$17-E$16)) | F19: =IF(F18="","",F$17-(F$16-F$17)) | G19: =IF(G18="","",G$17-(G$16-G$17)) | H19: =IF(H18="","",H$17+(H$17-H$16)) | I19: x | J19: =IF(I19="x",H19,IF(I20="x",H20,IF(I21="x",H21,IF(I22="x",H22,IF(I23="x",H23,""))))) | M19: Lot size | N19: =Ativos!$P$30 -> 5000
C20: R2 | D20: =IF(D19="","",D$17+2*(D$17-D$16)) | E20: =IF(E19="","",E$17+2*(E$17-E$16)) | F20: =IF(F19="","",F$17-2*(F$16-F$17)) | G20: =IF(G19="","",G$17-2*(G$16-G$17)) | H20: =IF(H19="","",H$17+2*(H$17-H$16)) | M20: Max leverage | N20: ='1'!$N$20 -> 500
C21: R3 | D21: =IF(D20="","",D$17+3*(D$17-D$16)) | E21: =IF(E20="","",E$17+3*(E$17-E$16)) | F21: =IF(F20="","",F$17-3*(F$16-F$17)) | G21: =IF(G20="","",G$17-3*(G$16-G$17)) | H21: =IF(H20="","",H$17+3*(H$17-H$16)) | J21: RFrac | M21: Max lots | N21: =IF(D5="","",IF(N19="","",IF(N20="","",D5*N20/N19/D6))) -> 19.835594
C22: R4 | D22: =IF(D21="","",D$17+4*(D$17-D$16)) | E22: =IF(E21="","",E$17+4*(E$17-E$16)) | F22: =IF(F21="","",F$17-4*(F$16-F$17)) | G22: =IF(G21="","",G$17-4*(G$16-G$17)) | H22: =IF(H21="","",H$17+4*(H$17-H$16)) | K22: =IF(K23="","",IF(H17="","",(K23-H17)/(H17-H16))) | L22: PF
C23: R5 | D23: =IF(D22="","",D$17+5*(D$17-D$16)) | E23: =IF(E22="","",E$17+5*(E$17-E$16)) | F23: =IF(F22="","",F$17-5*(F$16-F$17)) | G23: =IF(G22="","",G$17-5*(G$16-G$17)) | H23: =IF(H22="","",H$17+5*(H$17-H$16)) | J23: =IF(J22="","",IF(H17="","",H17+J22*(H17-H16))) | L23: Target
C24: Choice (x) | H24: =IF(D$24="x",IF(E$24="",IF(F$24="",IF(G$24="",D13,""),""),""),IF(E$24="x",IF(F$24="",IF(G$24="",D13,""),""),IF(F$24="x",IF(G$24="",F13,""),IF(G$24="x",F13,""))))

Sheet 10
B2: Ativo | C2: =Ativos!$R$26 -> USDCAD | D2: Spread | E2: =Ativos!$R$29 -> 2 | G2: Equity | H2: =SUM(D5:G5) -> 3261.17 | I2: Exit calculator
B3: Balance | D3: Starting balance | F3: $ Profit | I3: TP factor | J3: $ Profit | K3: % | L3: Price
F4: Closed | G4: Floating | H4: Total | J4: =IF(I4="","",IF(N10="","",IF(B10=0,"",I4*N10))) | K4: =IF(J4="","",IF(D5="","",100*J4/D5)) | L4: =IF(I4="","",IF(I10="","",IF(B10="","",IF(B10=0,"",IF(J4="","",I10+(J4-F5-G5)/N19/B10/J11)))))
B5: =D5+F5 -> 3261.17 | D5: =CLog!$Z$42 -> 3261.17 | F5: =IF(J10="",0,J10) -> 0 | G5: =K10 | H5: =IF(F5="",IF(G5="","",G5),IF(G5="",F5,F5+G5)) -> 0 | I5: =IF(J5="","",IF(N10="","",J5/N10)) | J5: =IF(K5="","",K5*D5/100) | K5: =IF(L5="","",100*B10*N19*J11*(L5-D10)/D5) | M5: % Liq Ac | N5: =[3]CRe!$P$32 -> 0.010120092
B6: Ask | D6: =Ativos!$R$27 -> 1.32933 | F6: =IF(F5="","",100*F5/D5) -> 0 | G6: =IF(G5="","",100*G5/D5) | H6: =IF(H5="","",100*(H2/D5-1)) -> 0 | I6: Stop | J6: =IF(K6="","",K6*D5/100) | K6: =IF(L6="","",100*B10*N19*J11*(L6-D10)/D5) | L6: =IF(J15<>"",J15,IF(H16="","",H16)) | M6: House Factor | N6: =IF(N17="","",IF(N5="","",N17/N5)) -> 49.406667
B7: Bid | D7: =Ativos!$R$28 -> 1.32913 | F7: % Profit | I7: Kelly | J7: =IF(K7="","",-K7*D5/100) -> -16.253937 | K7: =Risk!$C$13 -> 0.49840816 | L7: =IF(K7="","",IF(I10="","",IF(K7=0,"",IF(B10=0,"",I10-(H2-D5-J7)/N19/B10)))) | M7: Kelly Factor | N7: =IF(N17="","",IF(K7="","",IF(K7=0,"",N17/K7))) -> 1.0031938
B8: Lots (+-) | C8: Leverage | D8: Entry Price | E8: Take Profit | F8: $ Target | G8: Swap / Perm | I8: Price | J8: Closed $ | K8: $ Profit | L8: % Profit | M8: Target Default
M9: Take profit | N9: $ Target
B10: =IF(B11<>"",B11,IF(H18="","",H18)) | C10: =IF(B10="","",IF(B10>0,N19*B10*D6/D5,-N19*B10*D7/D5)) | D10: =IF(D11<>"",D11,IF(H17="","",H17)) | E10: =IF(E11<>"",E11,IF(J19="","",J19)) | F10: =IF(B10="","",IF(D10="","",IF(E10="","",B10*N$19*J11*(E10-D10)))) | G10: 0 | I10: =IF(B10="","",IF(B10>0,D$7,D$6)) | J10: =IF(B10="","",IF(H10="t",B10*N$19*(E10-D10)+G10,IF(H10="s",B10*N$19*(L6-D10)+G10,""))) | K10: =IF(B10="","",IF(H10="",B10*N19*J11*(I10-D10)+G10,"")) | L10: =IF(B10="","",IF(H10<>"",100*J10/D$5,100*K10/D$5)) | M10: =IF(E10="","",E10) | N10: =IF(B10="","",IF(D10="","",IF(M10="","",B10*N$19*J11*(M10-D10))))
C11: Broker | G11: Pip Div | H11: =Ativos!$R$31 -> 10000 | I11: Pip Value | J11: =Ativos!$R$32 -> 0.75237185 | M11: Current $ | N11: =IF(F10="","",F10+G10)
B12: =D5/N19/3 -> 0.010870567 | C12: No Stop | M12: % | N12: =IF(N11="","",100*N11/D5)
D13: Buy | F13: Sell | H13: Choice | I13: Trailing Stop | M13: PF | N13: =IF(N11="","",IF(J6="","",IF(J6=0,9999.9999,IF(J6>0,"No Loss",-N11/J6))))
C14: Stop Pivot | E14: =IF(D14="","",D14) | G14: =IF(F14="","",F14) | I14: Pivot | M14: Risk
C15: Stop Pips off | D15: ='1'!D15 -> 20 | E15: ='1'!E15 -> 3 | F15: ='1'!F15 -> 15 | G15: ='1'!G15 -> 1 | H15: =IF(D$24="x",IF(E$24="",IF(F$24="",IF(G$24="",D15,""),""),""),IF(E$24="x",IF(F$24="",IF(G$24="",E15,""),""),IF(F$24="x",IF(G$24="",F15,""),IF(G$24="x",G15,"")))) | I15: Stop | J15: =IF(J14="","",IF(H15="","",IF(B10="","",IF(B10>0,J14-H15/$H$11,IF(B10<0,J14+H15/$H$11,""))))) | K15: Simulation | M15: Base Risk (%) | N15: ='1'!$N$15 -> 0.5
C16: Stop | D16: =IF(D14="","",IF(D15="","",D14-D15/$H$11)) | E16: =IF(E14="","",IF(E15="","",E14-E15/$H$11)) | F16: =IF(F14="","",IF(F15="","",F14+F15/$H$11)) | G16: =IF(G14="","",IF(G15="","",G14+G15/$H$11)) | H16: =IF(D$24="x",IF(E$24="",IF(F$24="",IF(G$24="",D16,""),""),""),IF(E$24="x",IF(F$24="",IF(G$24="",E16,""),""),IF(F$24="x",IF(G$24="",F16,""),IF(G$24="x",G16,"")))) | K16: Balance | L16: Lots | M16: Agres (0-100) | N16: ='1'!$N$16 -> 20
C17: Entry | D17: =IF(D16="","",D6) | E17: =IF(E16="","",D6) | F17: =IF(F16="","",D7) | G17: =IF(G16="","",D7) | H17: =IF(D11<>"",D11,IF(D$24="x",IF(E$24="",IF(F$24="",IF(G$24="",D17,""),""),""),IF(E$24="x",IF(F$24="",IF(G$24="",E17,""),""),IF(F$24="x",IF(G$24="",F17,""),IF(G$24="x",G17,""))))) | I17: Target choice | K17: ='1'!$K$17 -> 10000 | L17: =IF(H18="","",IF(K17="","",IF(D5="","",H18*K17/D5))) | M17: Risk (%) | N17: ='1'!N17 -> 0.5
C18: Lots | D18: =IF(D17="","",IF(N17="","",N17*D5/100/(D17-D16)/N19/J11)) | E18: =IF(E17="","",IF(N17="","",N17*D5/100/(E17-E16)/N19/J11)) | F18: =IF(F17="","",IF(N17="","",N17*D5/100/(F17-F16)/N19/J11)) | G18: =IF(G17="","",IF(N17="","",N17*D5/100/(G17-G16)/N19/J11)) | H18: =IF(B11<>"",B11,IF(D$24="x",IF(E$24="",IF(F$24="",IF(G$24="",D18,""),""),""),IF(E$24="x",IF(F$24="",IF(G$24="",E18,""),""),IF(F$24="x",IF(G$24="",F18,""),IF(G$24="x",G18,""))))) | I18: (x) | J18: Price | K18: No Stop | L18: =IF(K17="","",K17/N19/J11/3) -> 0.044304333 | M18: Risk ($) | N18: ='1'!N18 -> 16.30585
C19: R1 | D19: =IF(D18="","",D$17+(D$17-D$16)) | E19: =IF(E18="","",E$17+(E$17-E$16)) | F19: =IF(F18="","",F$17-(F$16-F$17)) | G19: =IF(G18="","",G$17-(G$16-G$17)) | H19: =IF(H18="","",H$17+(H$17-H$16)) | I19: x | J19: =IF(I19="x",H19,IF(I20="x",H20,IF(I21="x",H21,IF(I22="x",H22,IF(I23="x",H23,""))))) | M19: Lot size | N19: =Ativos!$R$30 -> 100000
C20: R2 | D20: =IF(D19="","",D$17+2*(D$17-D$16)) | E20: =IF(E19="","",E$17+2*(E$17-E$16)) | F20: =IF(F19="","",F$17-2*(F$16-F$17)) | G20: =IF(G19="","",G$17-2*(G$16-G$17)) | H20: =IF(H19="","",H$17+2*(H$17-H$16)) | M20: Max leverage | N20: ='1'!$N$20 -> 500
C21: R3 | D21: =IF(D20="","",D$17+3*(D$17-D$16)) | E21: =IF(E20="","",E$17+3*(E$17-E$16)) | F21: =IF(F20="","",F$17-3*(F$16-F$17)) | G21: =IF(G20="","",G$17-3*(G$16-G$17)) | H21: =IF(H20="","",H$17+3*(H$17-H$16)) | J21: RFrac | M21: Max lots | N21: =IF(D5="","",IF(N19="","",IF(N20="","",D5*N20/N19/D6))) -> 12.266217
C22: R4 | D22: =IF(D21="","",D$17+4*(D$17-D$16)) | E22: =IF(E21="","",E$17+4*(E$17-E$16)) | F22: =IF(F21="","",F$17-4*(F$16-F$17)) | G22: =IF(G21="","",G$17-4*(G$16-G$17)) | H22: =IF(H21="","",H$17+4*(H$17-H$16)) | K22: =IF(K23="","",IF(H17="","",(K23-H17)/(H17-H16))) | L22: PF
C23: R5 | D23: =IF(D22="","",D$17+5*(D$17-D$16)) | E23: =IF(E22="","",E$17+5*(E$17-E$16)) | F23: =IF(F22="","",F$17-5*(F$16-F$17)) | G23: =IF(G22="","",G$17-5*(G$16-G$17)) | H23: =IF(H22="","",H$17+5*(H$17-H$16)) | J23: =IF(J22="","",IF(H17="","",H17+J22*(H17-H16))) | L23: Target
C24: Choice (x) | H24: =IF(D$24="x",IF(E$24="",IF(F$24="",IF(G$24="",D13,""),""),""),IF(E$24="x",IF(F$24="",IF(G$24="",D13,""),""),IF(F$24="x",IF(G$24="",F13,""),IF(G$24="x",F13,""))))

Sheet 11
B2: Ativo | C2: =Ativos!$T$26 -> USDJPY | D2: Spread | E2: =Ativos!$T$29 -> 1.4 | G2: Equity | H2: =SUM(D5:G5) -> 3261.17 | I2: Exit calculator
B3: Balance | D3: Starting balance | F3: $ Profit | I3: TP factor | J3: $ Profit | K3: % | L3: Price
F4: Closed | G4: Floating | H4: Total | J4: =IF(I4="","",IF(N10="","",IF(B10=0,"",I4*N10))) | K4: =IF(J4="","",IF(D5="","",100*J4/D5)) | L4: =IF(I4="","",IF(I10="","",IF(B10="","",IF(B10=0,"",IF(J4="","",I10+(J4-F5-G5)/N19/B10/J11)))))
B5: =D5+F5 -> 3261.17 | D5: =CLog!$Z$42 -> 3261.17 | F5: =IF(J10="",0,J10) -> 0 | G5: =K10 | H5: =IF(F5="",IF(G5="","",G5),IF(G5="",F5,F5+G5)) -> 0 | I5: =IF(J5="","",IF(N10="","",J5/N10)) | J5: =IF(K5="","",K5*D5/100) | K5: =IF(L5="","",100*B10*N19*J11*(L5-D10)/D5) | M5: % Liq Ac | N5: =[3]CRe!$P$32 -> 0.010120092
B6: Ask | D6: =Ativos!$T$27 -> 109.61 | F6: =IF(F5="","",100*F5/D5) -> 0 | G6: =IF(G5="","",100*G5/D5) | H6: =IF(H5="","",100*(H2/D5-1)) -> 0 | I6: Stop | J6: =IF(K6="","",K6*D5/100) | K6: =IF(L6="","",100*B10*N19*J11*(L6-D10)/D5) | L6: =IF(J15<>"",J15,IF(H16="","",H16)) | M6: House Factor | N6: =IF(N17="","",IF(N5="","",N17/N5)) -> 49.406667
B7: Bid | D7: =Ativos!$T$28 -> 109.596 | F7: % Profit | I7: Kelly | J7: =IF(K7="","",-K7*D5/100) -> -16.253937 | K7: =Risk!$C$13 -> 0.49840816 | L7: =IF(K7="","",IF(I10="","",IF(K7=0,"",IF(B10=0,"",I10-(H2-D5-J7)/N19/B10)))) | M7: Kelly Factor | N7: =IF(N17="","",IF(K7="","",IF(K7=0,"",N17/K7))) -> 1.0031938
B8: Lots (+-) | C8: Leverage | D8: Entry Price | E8: Take Profit | F8: $ Target | G8: Swap / Perm | I8: Price | J8: Closed $ | K8: $ Profit | L8: % Profit | M8: Target Default
M9: Take profit | N9: $ Target
B10: =IF(B11<>"",B11,IF(H18="","",H18)) | C10: =IF(B10="","",IF(B10>0,N19*B10*D6/D5,-N19*B10*D7/D5)) | D10: =IF(D11<>"",D11,IF(H17="","",H17)) | E10: =IF(E11<>"",E11,IF(J19="","",J19)) | F10: =IF(B10="","",IF(D10="","",IF(E10="","",B10*N$19*J11*(E10-D10)))) | G10: 0 | I10: =IF(B10="","",IF(B10>0,D$7,D$6)) | J10: =IF(B10="","",IF(H10="t",B10*N$19*(E10-D10)+G10,IF(H10="s",B10*N$19*(L6-D10)+G10,""))) | K10: =IF(B10="","",IF(H10="",B10*N19*J11*(I10-D10)+G10,"")) | L10: =IF(B10="","",IF(H10<>"",100*J10/D$5,100*K10/D$5)) | M10: =IF(E10="","",E10) | N10: =IF(B10="","",IF(D10="","",IF(M10="","",B10*N$19*J11*(M10-D10))))
C11: Broker | G11: Pip Div | H11: =Ativos!$T$31 -> 100 | I11: Pip Value | J11: =Ativos!$T$32 -> 0.0091244206 | M11: Current $ | N11: =IF(F10="","",F10+G10)
B12: =D5/N19/3 -> 1.0870567 | C12: No Stop | M12: % | N12: =IF(N11="","",100*N11/D5)
D13: Buy | F13: Sell | H13: Choice | I13: Trailing Stop | M13: PF | N13: =IF(N11="","",IF(J6="","",IF(J6=0,9999.9999,IF(J6>0,"No Loss",-N11/J6))))
C14: Stop Pivot | E14: =IF(D14="","",D14) | G14: =IF(F14="","",F14) | I14: Pivot | M14: Risk
C15: Stop Pips off | D15: ='1'!D15 -> 20 | E15: ='1'!E15 -> 3 | F15: ='1'!F15 -> 15 | G15: ='1'!G15 -> 1 | H15: =IF(D$24="x",IF(E$24="",IF(F$24="",IF(G$24="",D15,""),""),""),IF(E$24="x",IF(F$24="",IF(G$24="",E15,""),""),IF(F$24="x",IF(G$24="",F15,""),IF(G$24="x",G15,"")))) | I15: Stop | J15: =IF(J14="","",IF(H15="","",IF(B10="","",IF(B10>0,J14-H15/$H$11,IF(B10<0,J14+H15/$H$11,""))))) | K15: Simulation | M15: Base Risk (%) | N15: ='1'!$N$15 -> 0.5
C16: Stop | D16: =IF(D14="","",IF(D15="","",D14-D15/$H$11)) | E16: =IF(E14="","",IF(E15="","",E14-E15/$H$11)) | F16: =IF(F14="","",IF(F15="","",F14+F15/$H$11)) | G16: =IF(G14="","",IF(G15="","",G14+G15/$H$11)) | H16: =IF(D$24="x",IF(E$24="",IF(F$24="",IF(G$24="",D16,""),""),""),IF(E$24="x",IF(F$24="",IF(G$24="",E16,""),""),IF(F$24="x",IF(G$24="",F16,""),IF(G$24="x",G16,"")))) | K16: Balance | L16: Lots | M16: Agres (0-100) | N16: ='1'!$N$16 -> 20
C17: Entry | D17: =IF(D16="","",D6) | E17: =IF(E16="","",D6) | F17: =IF(F16="","",D7) | G17: =IF(G16="","",D7) | H17: =IF(D11<>"",D11,IF(D$24="x",IF(E$24="",IF(F$24="",IF(G$24="",D17,""),""),""),IF(E$24="x",IF(F$24="",IF(G$24="",E17,""),""),IF(F$24="x",IF(G$24="",F17,""),IF(G$24="x",G17,""))))) | I17: Target choice | K17: ='1'!$K$17 -> 10000 | L17: =IF(H18="","",IF(K17="","",IF(D5="","",H18*K17/D5))) | M17: Risk (%) | N17: ='1'!N17 -> 0.5
C18: Lots | D18: =IF(D17="","",IF(N17="","",N17*D5/100/(D17-D16)/N19/J11)) | E18: =IF(E17="","",IF(N17="","",N17*D5/100/(E17-E16)/N19/J11)) | F18: =IF(F17="","",IF(N17="","",N17*D5/100/(F17-F16)/N19/J11)) | G18: =IF(G17="","",IF(N17="","",N17*D5/100/(G17-G16)/N19/J11)) | H18: =IF(B11<>"",B11,IF(D$24="x",IF(E$24="",IF(F$24="",IF(G$24="",D18,""),""),""),IF(E$24="x",IF(F$24="",IF(G$24="",E18,""),""),IF(F$24="x",IF(G$24="",F18,""),IF(G$24="x",G18,""))))) | I18: (x) | J18: Price | K18: No Stop | L18: =IF(K17="","",K17/N19/J11/3) -> 365.32 | M18: Risk ($) | N18: ='1'!N18 -> 16.30585
C19: R1 | D19: =IF(D18="","",D$17+(D$17-D$16)) | E19: =IF(E18="","",E$17+(E$17-E$16)) | F19: =IF(F18="","",F$17-(F$16-F$17)) | G19: =IF(G18="","",G$17-(G$16-G$17)) | H19: =IF(H18="","",H$17+(H$17-H$16)) | I19: x | J19: =IF(I19="x",H19,IF(I20="x",H20,IF(I21="x",H21,IF(I22="x",H22,IF(I23="x",H23,""))))) | M19: Lot size | N19: =Ativos!$T$30 -> 1000
C20: R2 | D20: =IF(D19="","",D$17+2*(D$17-D$16)) | E20: =IF(E19="","",E$17+2*(E$17-E$16)) | F20: =IF(F19="","",F$17-2*(F$16-F$17)) | G20: =IF(G19="","",G$17-2*(G$16-G$17)) | H20: =IF(H19="","",H$17+2*(H$17-H$16)) | M20: Max leverage | N20: ='1'!$N$20 -> 500
C21: R3 | D21: =IF(D20="","",D$17+3*(D$17-D$16)) | E21: =IF(E20="","",E$17+3*(E$17-E$16)) | F21: =IF(F20="","",F$17-3*(F$16-F$17)) | G21: =IF(G20="","",G$17-3*(G$16-G$17)) | H21: =IF(H20="","",H$17+3*(H$17-H$16)) | J21: RFrac | M21: Max lots | N21: =IF(D5="","",IF(N19="","",IF(N20="","",D5*N20/N19/D6))) -> 14.876243
C22: R4 | D22: =IF(D21="","",D$17+4*(D$17-D$16)) | E22: =IF(E21="","",E$17+4*(E$17-E$16)) | F22: =IF(F21="","",F$17-4*(F$16-F$17)) | G22: =IF(G21="","",G$17-4*(G$16-G$17)) | H22: =IF(H21="","",H$17+4*(H$17-H$16)) | K22: =IF(K23="","",IF(H17="","",(K23-H17)/(H17-H16))) | L22: PF
C23: R5 | D23: =IF(D22="","",D$17+5*(D$17-D$16)) | E23: =IF(E22="","",E$17+5*(E$17-E$16)) | F23: =IF(F22="","",F$17-5*(F$16-F$17)) | G23: =IF(G22="","",G$17-5*(G$16-G$17)) | H23: =IF(H22="","",H$17+5*(H$17-H$16)) | J23: =IF(J22="","",IF(H17="","",H17+J22*(H17-H16))) | L23: Target
C24: Choice (x) | H24: =IF(D$24="x",IF(E$24="",IF(F$24="",IF(G$24="",D13,""),""),""),IF(E$24="x",IF(F$24="",IF(G$24="",D13,""),""),IF(F$24="x",IF(G$24="",F13,""),IF(G$24="x",F13,""))))

Sheet 12
B2: Ativo | C2: =Ativos!$V$26 -> WTI | D2: Spread | E2: =Ativos!$V$29 -> 0.04 | G2: Equity | H2: =SUM(D5:G5) -> 3261.17 | I2: Exit calculator
B3: Balance | D3: Starting balance | F3: $ Profit | I3: TP factor | J3: $ Profit | K3: % | L3: Price
F4: Closed | G4: Floating | H4: Total | J4: =IF(I4="","",IF(N10="","",IF(B10=0,"",I4*N10))) | K4: =IF(J4="","",IF(D5="","",100*J4/D5)) | L4: =IF(I4="","",IF(I10="","",IF(B10="","",IF(B10=0,"",IF(J4="","",I10+(J4-F5-G5)/N19/B10/J11)))))
B5: =D5+F5 -> 3261.17 | D5: =CLog!$Z$42 -> 3261.17 | F5: =IF(J10="",0,J10) -> 0 | G5: =K10 | H5: =IF(F5="",IF(G5="","",G5),IF(G5="",F5,F5+G5)) -> 0 | I5: =IF(J5="","",IF(N10="","",J5/N10)) | J5: =IF(K5="","",K5*D5/100) | K5: =IF(L5="","",100*B10*N19*J11*(L5-D10)/D5) | M5: % Liq Ac | N5: =[3]CRe!$P$32 -> 0.010120092
B6: Ask | D6: =Ativos!$V$27 -> 68.52 | F6: =IF(F5="","",100*F5/D5) -> 0 | G6: =IF(G5="","",100*G5/D5) | H6: =IF(H5="","",100*(H2/D5-1)) -> 0 | I6: Stop | J6: =IF(K6="","",K6*D5/100) | K6: =IF(L6="","",100*B10*N19*J11*(L6-D10)/D5) | L6: =IF(J15<>"",J15,IF(H16="","",H16)) | M6: House Factor | N6: =IF(N17="","",IF(N5="","",N17/N5)) -> 49.406667
B7: Bid | D7: =Ativos!$V$28 -> 68.48 | F7: % Profit | I7: Kelly | J7: =IF(K7="","",-K7*D5/100) -> -16.253937 | K7: =Risk!$C$13 -> 0.49840816 | L7: =IF(K7="","",IF(I10="","",IF(K7=0,"",IF(B10=0,"",I10-(H2-D5-J7)/N19/B10)))) | M7: Kelly Factor | N7: =IF(N17="","",IF(K7="","",IF(K7=0,"",N17/K7))) -> 1.0031938
B8: Lots (+-) | C8: Leverage | D8: Entry Price | E8: Take Profit | F8: $ Target | G8: Swap / Perm | I8: Price | J8: Closed $ | K8: $ Profit | L8: % Profit | M8: Target Default
M9: Take profit | N9: $ Target
B10: =IF(B11<>"",B11,IF(H18="","",H18)) | C10: =IF(B10="","",IF(B10>0,N19*B10*D6/D5,-N19*B10*D7/D5)) | D10: =IF(D11<>"",D11,IF(H17="","",H17)) | E10: =IF(E11<>"",E11,IF(J19="","",J19)) | F10: =IF(B10="","",IF(D10="","",IF(E10="","",B10*N$19*J11*(E10-D10)))) | G10: 0 | I10: =IF(B10="","",IF(B10>0,D$7,D$6)) | J10: =IF(B10="","",IF(H10="t",B10*N$19*(E10-D10)+G10,IF(H10="s",B10*N$19*(L6-D10)+G10,""))) | K10: =IF(B10="","",IF(H10="",B10*N19*J11*(I10-D10)+G10,"")) | L10: =IF(B10="","",IF(H10<>"",100*J10/D$5,100*K10/D$5)) | M10: =IF(E10="","",E10) | N10: =IF(B10="","",IF(D10="","",IF(M10="","",B10*N$19*J11*(M10-D10))))
C11: Broker | G11: Pip Div | H11: =Ativos!$V$31 -> 100 | I11: Pip Value | J11: =Ativos!$V$32 -> 1 | M11: Current $ | N11: =IF(F10="","",F10+G10)
B12: =D5/N19/3 -> 1.0870567 | C12: No Stop | M12: % | N12: =IF(N11="","",100*N11/D5)
D13: Buy | F13: Sell | H13: Choice | I13: Trailing Stop | M13: PF | N13: =IF(N11="","",IF(J6="","",IF(J6=0,9999.9999,IF(J6>0,"No Loss",-N11/J6))))
C14: Stop Pivot | E14: =IF(D14="","",D14) | G14: =IF(F14="","",F14) | I14: Pivot | M14: Risk
C15: Stop Pips off | D15: ='1'!D15 -> 20 | E15: ='1'!E15 -> 3 | F15: ='1'!F15 -> 15 | G15: ='1'!G15 -> 1 | H15: =IF(D$24="x",IF(E$24="",IF(F$24="",IF(G$24="",D15,""),""),""),IF(E$24="x",IF(F$24="",IF(G$24="",E15,""),""),IF(F$24="x",IF(G$24="",F15,""),IF(G$24="x",G15,"")))) -> 15 | I15: Stop | J15: =IF(J14="","",IF(H15="","",IF(B10="","",IF(B10>0,J14-H15/$H$11,IF(B10<0,J14+H15/$H$11,""))))) | K15: Simulation | M15: Base Risk (%) | N15: ='1'!$N$15 -> 0.5
C16: Stop | D16: =IF(D14="","",IF(D15="","",D14-D15/$H$11)) | E16: =IF(E14="","",IF(E15="","",E14-E15/$H$11)) | F16: =IF(F14="","",IF(F15="","",F14+F15/$H$11)) | G16: =IF(G14="","",IF(G15="","",G14+G15/$H$11)) | H16: =IF(D$24="x",IF(E$24="",IF(F$24="",IF(G$24="",D16,""),""),""),IF(E$24="x",IF(F$24="",IF(G$24="",E16,""),""),IF(F$24="x",IF(G$24="",F16,""),IF(G$24="x",G16,"")))) | K16: Balance | L16: Lots | M16: Agres (0-100) | N16: ='1'!$N$16 -> 20
C17: Entry | D17: =IF(D16="","",D6) | E17: =IF(E16="","",D6) | F17: =IF(F16="","",D7) | G17: =IF(G16="","",D7) | H17: =IF(D11<>"",D11,IF(D$24="x",IF(E$24="",IF(F$24="",IF(G$24="",D17,""),""),""),IF(E$24="x",IF(F$24="",IF(G$24="",E17,""),""),IF(F$24="x",IF(G$24="",F17,""),IF(G$24="x",G17,""))))) | I17: Target choice | K17: ='1'!$K$17 -> 10000 | L17: =IF(H18="","",IF(K17="","",IF(D5="","",H18*K17/D5))) | M17: Risk (%) | N17: ='1'!N17 -> 0.5
C18: Lots | D18: =IF(D17="","",IF(N17="","",N17*D5/100/(D17-D16)/N19/J11)) | E18: =IF(E17="","",IF(N17="","",N17*D5/100/(E17-E16)/N19/J11)) | F18: =IF(F17="","",IF(N17="","",N17*D5/100/(F17-F16)/N19/J11)) | G18: =IF(G17="","",IF(N17="","",N17*D5/100/(G17-G16)/N19/J11)) | H18: =IF(B11<>"",B11,IF(D$24="x",IF(E$24="",IF(F$24="",IF(G$24="",D18,""),""),""),IF(E$24="x",IF(F$24="",IF(G$24="",E18,""),""),IF(F$24="x",IF(G$24="",F18,""),IF(G$24="x",G18,""))))) | I18: (x) | J18: Price | K18: No Stop | L18: =IF(K17="","",K17/N19/J11/3) -> 3.3333333 | M18: Risk ($) | N18: ='1'!N18 -> 16.30585
C19: R1 | D19: =IF(D18="","",D$17+(D$17-D$16)) | E19: =IF(E18="","",E$17+(E$17-E$16)) | F19: =IF(F18="","",F$17-(F$16-F$17)) | G19: =IF(G18="","",G$17-(G$16-G$17)) | H19: =IF(H18="","",H$17+(H$17-H$16)) | I19: x | J19: =IF(I19="x",H19,IF(I20="x",H20,IF(I21="x",H21,IF(I22="x",H22,IF(I23="x",H23,""))))) | M19: Lot size | N19: =Ativos!$V$30 -> 1000
C20: R2 | D20: =IF(D19="","",D$17+2*(D$17-D$16)) | E20: =IF(E19="","",E$17+2*(E$17-E$16)) | F20: =IF(F19="","",F$17-2*(F$16-F$17)) | G20: =IF(G19="","",G$17-2*(G$16-G$17)) | H20: =IF(H19="","",H$17+2*(H$17-H$16)) | M20: Max leverage | N20: ='1'!$N$20 -> 500
C21: R3 | D21: =IF(D20="","",D$17+3*(D$17-D$16)) | E21: =IF(E20="","",E$17+3*(E$17-E$16)) | F21: =IF(F20="","",F$17-3*(F$16-F$17)) | G21: =IF(G20="","",G$17-3*(G$16-G$17)) | H21: =IF(H20="","",H$17+3*(H$17-H$16)) | J21: RFrac | M21: Max lots | N21: =IF(D5="","",IF(N19="","",IF(N20="","",D5*N20/N19/D6))) -> 23.797212
C22: R4 | D22: =IF(D21="","",D$17+4*(D$17-D$16)) | E22: =IF(E21="","",E$17+4*(E$17-E$16)) | F22: =IF(F21="","",F$17-4*(F$16-F$17)) | G22: =IF(G21="","",G$17-4*(G$16-G$17)) | H22: =IF(H21="","",H$17+4*(H$17-H$16)) | K22: =IF(K23="","",IF(H17="","",(K23-H17)/(H17-H16))) | L22: PF
C23: R5 | D23: =IF(D22="","",D$17+5*(D$17-D$16)) | E23: =IF(E22="","",E$17+5*(E$17-E$16)) | F23: =IF(F22="","",F$17-5*(F$16-F$17)) | G23: =IF(G22="","",G$17-5*(G$16-G$17)) | H23: =IF(H22="","",H$17+5*(H$17-H$16)) | J23: =IF(J22="","",IF(H17="","",H17+J22*(H17-H16))) | L23: Target
C24: Choice (x) | F24: x | H24: =IF(D$24="x",IF(E$24="",IF(F$24="",IF(G$24="",D13,""),""),""),IF(E$24="x",IF(F$24="",IF(G$24="",D13,""),""),IF(F$24="x",IF(G$24="",F13,""),IF(G$24="x",F13,"")))) -> Sell

Sheet CLog
B1: # | C1: $ | D1: % | E1: # | F1: $Ac | G1: Saldo | H1: Saldo ajustado | I1: Inclin | J1: Fator(+) | K1: # | L1: Q(+) | M1: %Méd(+) | N1: # | O1: WinP(%) | P1: Fator(-) | Q1: # | R1: Q(-) | S1: # | T1: %Méd(-) | U1: # | V1: Fator de lucro
B2: Op # | F2: Q(+) | G2: Q(+) | H2: Q(+) | I2: Q(+) | J2: Q(+) | L2: Q(+) | N2: # | O2: WinP | P2: Q(+) | Q2: # | R2: Q(-) | S2: # | T2: Média(-) | U2: # | V2: R/R
B3: 0 | E3: 0 | F3: 0 | G3: =IF(F3="","",Z$40+F3) -> 3260.84 | H3: =IF(G3="","",(G3+Z$44)/Z$45) -> 3260.84 | J3: 1 | L3: 0 | P3: 1 | R3: 0
B4: =B3+1 -> 1 | C4: =[3]CRe!J3 -> 31.11 | D4: =[3]CRe!L3 -> 0.95404865 | E4: =IF(C4="","",E3+1) -> 1 | F4: =IF(C4="","",F3+C4) -> 31.11 | G4: =IF(F4="","",Z$40+F4) -> 3291.95 | H4: =IF(G4="","",(G4+Z$44)/Z$45) -> 3291.95 | I4: =IF(G4="","",SLOPE(G$3:G4,B$3:B4)) -> 31.11 | J4: =IF(D4="","",IF(D4>0,J3*(1+D4/100),J3)) -> 1.0095405 | K4: =E4 -> 1 | L4: =IF(C4="","",IF(C4>0,L3+1,L3)) -> 1 | M4: =IF(J4="","",IF(L4=0,"",100*(J4^(1/L4)-1))) -> 0.95404865 | N4: =E4 -> 1 | O4: =IF(C4="","",IF(L4=0,"",100*L4/B4)) -> 100 | P4: =IF(D4="","",IF(D4<0,P3*(1+D4/100),P3)) -> 1 | Q4: =E4 -> 1 | R4: =IF(C4="","",IF(C4<0,R3+1,R3)) -> 0 | S4: =E4 -> 1 | T4: =IF(P4="","",IF(R4=0,"",100*(P4^(1/R4)-1))) | U4: =E4 -> 1 | V4: =IF(M4="","",IF(T4="","",-M4/T4))
B5: =B4+1 -> 2 | C5: =[3]CRe!J4 -> 226.21 | D5: =[3]CRe!L4 -> 6.8716111 | E5: =IF(C5="","",E4+1) -> 2 | F5: =IF(C5="","",F4+C5) -> 257.32 | G5: =IF(F5="","",Z$40+F5) -> 3518.16 | H5: =IF(G5="","",(G5+Z$44)/Z$45) -> 3518.16 | I5: =IF(G5="","",SLOPE(G$3:G5,B$3:B5)) -> 128.66 | J5: =IF(D5="","",IF(D5>0,J4*(1+D5/100),J4)) -> 1.0789122 | K5: =E5 -> 2 | L5: =IF(C5="","",IF(C5>0,L4+1,L4)) -> 2 | M5: =IF(J5="","",IF(L5=0,"",100*(J5^(1/L5)-1))) -> 3.8706976 | N5: =E5 -> 2 | O5: =IF(C5="","",IF(L5=0,"",100*L5/B5)) -> 100 | P5: =IF(D5="","",IF(D5<0,P4*(1+D5/100),P4)) -> 1 | Q5: =E5 -> 2 | R5: =IF(C5="","",IF(C5<0,R4+1,R4)) -> 0 | S5: =E5 -> 2 | T5: =IF(P5="","",IF(R5=0,"",100*(P5^(1/R5)-1))) | U5: =E5 -> 2 | V5: =IF(M5="","",IF(T5="","",-M5/T5))
B6: =B5+1 -> 3 | C6: =[3]CRe!J5 -> -58.2 | D6: =[3]CRe!L5 -> -1.6542738 | E6: =IF(C6="","",E5+1) -> 3 | F6: =IF(C6="","",F5+C6) -> 199.12 | G6: =IF(F6="","",Z$40+F6) -> 3459.96 | H6: =IF(G6="","",(G6+Z$44)/Z$45) -> 3459.96 | I6: =IF(G6="","",SLOPE(G$3:G6,B$3:B6)) -> 82.357 | J6: =IF(D6="","",IF(D6>0,J5*(1+D6/100),J5)) -> 1.0789122 | K6: =E6 -> 3 | L6: =IF(C6="","",IF(C6>0,L5+1,L5)) -> 2 | M6: =IF(J6="","",IF(L6=0,"",100*(J6^(1/L6)-1))) -> 3.8706976 | N6: =E6 -> 3 | O6: =IF(C6="","",IF(L6=0,"",100*L6/B6)) -> 66.666667 | P6: =IF(D6="","",IF(D6<0,P5*(1+D6/100),P5)) -> 0.98345726 | Q6: =E6 -> 3 | R6: =IF(C6="","",IF(C6<0,R5+1,R5)) -> 1 | S6: =E6 -> 3 | T6: =IF(P6="","",IF(R6=0,"",100*(P6^(1/R6)-1))) -> -1.6542738 | U6: =E6 -> 3 | V6: =IF(M6="","",IF(T6="","",-M6/T6)) -> 2.3398168
B7: =B6+1 -> 4 | C7: =[3]CRe!J6 -> -33.57 | D7: =[3]CRe!L6 -> -0.97024243 | E7: =IF(C7="","",E6+1) -> 4 | F7: =IF(C7="","",F6+C7) -> 165.55 | G7: =IF(F7="","",Z$40+F7) -> 3426.39 | H7: =IF(G7="","",(G7+Z$44)/Z$45) -> 3426.39 | I7: =IF(G7="","",SLOPE(G$3:G7,B$3:B7)) -> 49.911 | J7: =IF(D7="","",IF(D7>0,J6*(1+D7/100),J6)) -> 1.0789122 | K7: =E7 -> 4 | L7: =IF(C7="","",IF(C7>0,L6+1,L6)) -> 2 | M7: =IF(J7="","",IF(L7=0,"",100*(J7^(1/L7)-1))) -> 3.8706976 | N7: =E7 -> 4 | O7: =IF(C7="","",IF(L7=0,"",100*L7/B7)) -> 50 | P7: =IF(D7="","",IF(D7<0,P6*(1+D7/100),P6)) -> 0.97391534 | Q7: =E7 -> 4 | R7: =IF(C7="","",IF(C7<0,R6+1,R6)) -> 2 | S7: =E7 -> 4 | T7: =IF(P7="","",IF(R7=0,"",100*(P7^(1/R7)-1))) -> -1.3128508 | U7: =E7 -> 4 | V7: =IF(M7="","",IF(T7="","",-M7/T7)) -> 2.948315
B8: =B7+1 -> 5 | C8: =[3]CRe!J7 -> -36.4 | D8: =[3]CRe!L7 -> -1.0623426 | E8: =IF(C8="","",E7+1) -> 5 | F8: =IF(C8="","",F7+C8) -> 129.15 | G8: =IF(F8="","",Z$40+F8) -> 3389.99 | H8: =IF(G8="","",(G8+Z$44)/Z$45) -> 3389.99 | I8: =IF(G8="","",SLOPE(G$3:G8,B$3:B8)) -> 28.310571 | J8: =IF(D8="","",IF(D8>0,J7*(1+D8/100),J7)) -> 1.0789122 | K8: =E8 -> 5 | L8: =IF(C8="","",IF(C8>0,L7+1,L7)) -> 2 | M8: =IF(J8="","",IF(L8=0,"",100*(J8^(1/L8)-1))) -> 3.8706976 | N8: =E8 -> 5 | O8: =IF(C8="","",IF(L8=0,"",100*L8/B8)) -> 40 | P8: =IF(D8="","",IF(D8<0,P7*(1+D8/100),P7)) -> 0.96356902 | Q8: =E8 -> 5 | R8: =IF(C8="","",IF(C8<0,R7+1,R7)) -> 3 | S8: =E8 -> 5 | T8: =IF(P8="","",IF(R8=0,"",100*(P8^(1/R8)-1))) -> -1.2294186 | U8: =E8 -> 5 | V8: =IF(M8="","",IF(T8="","",-M8/T8)) -> 3.1483968
B9: =B8+1 -> 6 | C9: =[3]CRe!J8 -> 41.4 | D9: =[3]CRe!L8 -> 1.2212425 | E9: =IF(C9="","",E8+1) -> 6 | F9: =IF(C9="","",F8+C9) -> 170.55 | G9: =IF(F9="","",Z$40+F9) -> 3431.39 | H9: =IF(G9="","",(G9+Z$44)/Z$45) -> 3431.39 | I9: =IF(G9="","",SLOPE(G$3:G9,B$3:B9)) -> 21.998571 | J9: =IF(D9="","",IF(D9>0,J8*(1+D9/100),J8)) -> 1.0920883 | K9: =E9 -> 6 | L9: =IF(C9="","",IF(C9>0,L8+1,L8)) -> 3 | M9: =IF(J9="","",IF(L9=0,"",100*(J9^(1/L9)-1))) -> 2.9799287 | N9: =E9 -> 6 | O9: =IF(C9="","",IF(L9=0,"",100*L9/B9)) -> 50 | P9: =IF(D9="","",IF(D9<0,P8*(1+D9/100),P8)) -> 0.96356902 | Q9: =E9 -> 6 | R9: =IF(C9="","",IF(C9<0,R8+1,R8)) -> 3 | S9: =E9 -> 6 | T9: =IF(P9="","",IF(R9=0,"",100*(P9^(1/R9)-1))) -> -1.2294186 | U9: =E9 -> 6 | V9: =IF(M9="","",IF(T9="","",-M9/T9)) -> 2.423852
B10: =B9+1 -> 7 | C10: =[3]CRe!J9 -> 52.55 | D10: =[3]CRe!L9 -> 1.5314494 | E10: =IF(C10="","",E9+1) -> 7 | F10: =IF(C10="","",F9+C10) -> 223.1 | G10: =IF(F10="","",Z$40+F10) -> 3483.94 | H10: =IF(G10="","",(G10+Z$44)/Z$45) -> 3483.94 | I10: =IF(G10="","",SLOPE(G$3:G10,B$3:B10)) -> 21.914524 | J10: =IF(D10="","",IF(D10>0,J9*(1+D10/100),J9)) -> 1.1088131 | K10: =E10 -> 7 | L10: =IF(C10="","",IF(C10>0,L9+1,L9)) -> 4 | M10: =IF(J10="","",IF(L10=0,"",100*(J10^(1/L10)-1))) -> 2.615883 | N10: =E10 -> 7 | O10: =IF(C10="","",IF(L10=0,"",100*L10/B10)) -> 57.142857 | P10: =IF(D10="","",IF(D10<0,P9*(1+D10/100),P9)) -> 0.96356902 | Q10: =E10 -> 7 | R10: =IF(C10="","",IF(C10<0,R9+1,R9)) -> 3 | S10: =E10 -> 7 | T10: =IF(P10="","",IF(R10=0,"",100*(P10^(1/R10)-1))) -> -1.2294186 | U10: =E10 -> 7 | V10: =IF(M10="","",IF(T10="","",-M10/T10)) -> 2.1277399
B11: =B10+1 -> 8 | C11: =[3]CRe!J10 -> -13.98 | D11: =[3]CRe!L10 -> -0.40126983 | E11: =IF(C11="","",E10+1) -> 8 | F11: =IF(C11="","",F10+C11) -> 209.12 | G11: =IF(F11="","",Z$40+F11) -> 3469.96 | H11: =IF(G11="","",(G11+Z$44)/Z$45) -> 3469.96 | I11: =IF(G11="","",SLOPE(G$3:G11,B$3:B11)) -> 19.482333 | J11: =IF(D11="","",IF(D11>0,J10*(1+D11/100),J10)) -> 1.1088131 | K11: =E11 -> 8 | L11: =IF(C11="","",IF(C11>0,L10+1,L10)) -> 4 | M11: =IF(J11="","",IF(L11=0,"",100*(J11^(1/L11)-1))) -> 2.615883 | N11: =E11 -> 8 | O11: =IF(C11="","",IF(L11=0,"",100*L11/B11)) -> 50 | P11: =IF(D11="","",IF(D11<0,P10*(1+D11/100),P10)) -> 0.95970251 | Q11: =E11 -> 8 | R11: =IF(C11="","",IF(C11<0,R10+1,R10)) -> 4 | S11: =E11 -> 8 | T11: =IF(P11="","",IF(R11=0,"",100*(P11^(1/R11)-1))) -> -1.0230292 | U11: =E11 -> 8 | V11: =IF(M11="","",IF(T11="","",-M11/T11)) -> 2.5569974
B12: =B11+1 -> 9 | C12: =[3]CRe!J11 -> -10.92 | D12: =[3]CRe!L11 -> -0.31470103 | E12: =IF(C12="","",E11+1) -> 9 | F12: =IF(C12="","",F11+C12) -> 198.2 | G12: =IF(F12="","",Z$40+F12) -> 3459.04 | H12: =IF(G12="","",(G12+Z$44)/Z$45) -> 3459.04 | I12: =IF(G12="","",SLOPE(G$3:G12,B$3:B12)) -> 16.585818 | J12: =IF(D12="","",IF(D12>0,J11*(1+D12/100),J11)) -> 1.1088131 | K12: =E12 -> 9 | L12: =IF(C12="","",IF(C12>0,L11+1,L11)) -> 4 | M12: =IF(J12="","",IF(L12=0,"",100*(J12^(1/L12)-1))) -> 2.615883 | N12: =E12 -> 9 | O12: =IF(C12="","",IF(L12=0,"",100*L12/B12)) -> 44.444444 | P12: =IF(D12="","",IF(D12<0,P11*(1+D12/100),P11)) -> 0.95668232 | Q12: =E12 -> 9 | R12: =IF(C12="","",IF(C12<0,R11+1,R11)) -> 5 | S12: =E12 -> 9 | T12: =IF(P12="","",IF(R12=0,"",100*(P12^(1/R12)-1))) -> -0.88176738 | U12: =E12 -> 9 | V12: =IF(M12="","",IF(T12="","",-M12/T12)) -> 2.9666362
B13: =B12+1 -> 10 | C13: =[3]CRe!J12 -> -46.35 | D13: =[3]CRe!L12 -> -1.3399672 | E13: =IF(C13="","",E12+1) -> 10 | F13: =IF(C13="","",F12+C13) -> 151.85 | G13: =IF(F13="","",Z$40+F13) -> 3412.69 | H13: =IF(G13="","",(G13+Z$44)/Z$45) -> 3412.69 | I13: =IF(G13="","",SLOPE(G$3:G13,B$3:B13)) -> 12.145182 | J13: =IF(D13="","",IF(D13>0,J12*(1+D13/100),J12)) -> 1.1088131 | K13: =E13 -> 10 | L13: =IF(C13="","",IF(C13>0,L12+1,L12)) -> 4 | M13: =IF(J13="","",IF(L13=0,"",100*(J13^(1/L13)-1))) -> 2.615883 | N13: =E13 -> 10 | O13: =IF(C13="","",IF(L13=0,"",100*L13/B13)) -> 40 | P13: =IF(D13="","",IF(D13<0,P12*(1+D13/100),P12)) -> 0.94386309 | Q13: =E13 -> 10 | R13: =IF(C13="","",IF(C13<0,R12+1,R12)) -> 6 | S13: =E13 -> 10 | T13: =IF(P13="","",IF(R13=0,"",100*(P13^(1/R13)-1))) -> -0.95828152 | U13: =E13 -> 10 | V13: =IF(M13="","",IF(T13="","",-M13/T13)) -> 2.7297647
B14: =B13+1 -> 11 | C14: =[3]CRe!J13 -> -4.14 | D14: =[3]CRe!L13 -> -0.12131193 | E14: =IF(C14="","",E13+1) -> 11 | F14: =IF(C14="","",F13+C14) -> 147.71 | G14: =IF(F14="","",Z$40+F14) -> 3408.55 | H14: =IF(G14="","",(G14+Z$44)/Z$45) -> 3408.55 | I14: =IF(G14="","",SLOPE(G$3:G14,B$3:B14)) -> 8.9569231 | J14: =IF(D14="","",IF(D14>0,J13*(1+D14/100),J13)) -> 1.1088131 | K14: =E14 -> 11 | L14: =IF(C14="","",IF(C14>0,L13+1,L13)) -> 4 | M14: =IF(J14="","",IF(L14=0,"",100*(J14^(1/L14)-1))) -> 2.615883 | N14: =E14 -> 11 | O14: =IF(C14="","",IF(L14=0,"",100*L14/B14)) -> 36.363636 | P14: =IF(D14="","",IF(D14<0,P13*(1+D14/100),P13)) -> 0.94271807 | Q14: =E14 -> 11 | R14: =IF(C14="","",IF(C14<0,R13+1,R13)) -> 7 | S14: =E14 -> 11 | T14: =IF(P14="","",IF(R14=0,"",100*(P14^(1/R14)-1))) -> -0.83914522 | U14: =E14 -> 11 | V14: =IF(M14="","",IF(T14="","",-M14/T14)) -> 3.1173186
B15: =B14+1 -> 12 | C15: =[3]CRe!J14 -> -27.24 | D15: =[3]CRe!L14 -> -0.7991668 | E15: =IF(C15="","",E14+1) -> 12 | F15: =IF(C15="","",F14+C15) -> 120.47 | G15: =IF(F15="","",Z$40+F15) -> 3381.31 | H15: =IF(G15="","",(G15+Z$44)/Z$45) -> 3381.31 | I15: =IF(G15="","",SLOPE(G$3:G15,B$3:B15)) -> 5.8366484 | J15: =IF(D15="","",IF(D15>0,J14*(1+D15/100),J14)) -> 1.1088131 | K15: =E15 -> 12 | L15: =IF(C15="","",IF(C15>0,L14+1,L14)) -> 4 | M15: =IF(J15="","",IF(L15=0,"",100*(J15^(1/L15)-1))) -> 2.615883 | N15: =E15 -> 12 | O15: =IF(C15="","",IF(L15=0,"",100*L15/B15)) -> 33.333333 | P15: =IF(D15="","",IF(D15<0,P14*(1+D15/100),P14)) -> 0.93518418 | Q15: =E15 -> 12 | R15: =IF(C15="","",IF(C15<0,R14+1,R14)) -> 8 | S15: =E15 -> 12 | T15: =IF(P15="","",IF(R15=0,"",100*(P15^(1/R15)-1))) -> -0.8341488 | U15: =E15 -> 12 | V15: =IF(M15="","",IF(T15="","",-M15/T15)) -> 3.1359909
... B38: =B37+1 -> 35 | C38: =[3]CRe!J37 -> -36.59 | D38: =[3]CRe!L37 -> -1.109541 | E38: =IF(C38="","",E37+1) -> 35 | F38: =IF(C38="","",F37+C38) -> 0.33 | G38: =IF(F38="","",Z$40+F38) -> 3261.17 | H38: =IF(G38="","",(G38+Z$44)/Z$45) -> 3261.17 | I38: =IF(G38="","",SLOPE(G$3:G38,B$3:B38)) -> -3.5245869 | J38: =IF(D38="","",IF(D38>0,J37*(1+D38/100),J37)) -> 1.1980853 | K38: =E38 -> 35 | L38: =IF(C38="","",IF(C38>0,L37+1,L37)) -> 16 | M38: =IF(J38="","",IF(L38=0,"",100*(J38^(1/L38)-1))) -> 1.1359326 | N38: =E38 -> 35 | O38: =IF(C38="","",IF(L38=0,"",100*L38/B38)) -> 45.714286 | P38: =IF(D38="","",IF(D38<0,P37*(1+D38/100),P37)) -> 0.83474959 | Q38: =E38 -> 35 | R38: =IF(C38="","",IF(C38<0,R37+1,R37)) -> 19 | S38: =E38 -> 35 | T38: =IF(P38="","",IF(R38=0,"",100*(P38^(1/R38)-1))) -> -0.94614559 | U38: =E38 -> 35 | V38: =IF(M38="","",IF(T38="","",-M38/T38)) -> 1.2005896
B39: =B38+1 -> 36 | C39: =[3]CRe!J38 | D39: =[3]CRe!L38 | E39: =IF(C39="","",E38+1) | F39: =IF(C39="","",F38+C39) | G39: =IF(F39="","",Z$40+F39) | H39: =IF(G39="","",(G39+Z$44)/Z$45) | I39: =IF(G39="","",SLOPE(G$3:G39,B$3:B39)) | J39: =IF(D39="","",IF(D39>0,J38*(1+D39/100),J38)) | K39: =E39 | L39: =IF(C39="","",IF(C39>0,L38+1,L38)) | M39: =IF(J39="","",IF(L39=0,"",100*(J39^(1/L39)-1))) | N39: =E39 | O39: =IF(C39="","",IF(L39=0,"",100*L39/B39)) | P39: =IF(D39="","",IF(D39<0,P38*(1+D39/100),P38)) | Q39: =E39 | R39: =IF(C39="","",IF(C39<0,R38+1,R38)) | S39: =E39 | T39: =IF(P39="","",IF(R39=0,"",100*(P39^(1/R39)-1))) | U39: =E39 | V39: =IF(M39="","",IF(T39="","",-M39/T39)) | Y39: Saldo da conta | AB39: Resultados - Resumo
B40: =B39+1 -> 37 | C40: =[3]CRe!J39 | D40: =[3]CRe!L39 | E40: =IF(C40="","",E39+1) | F40: =IF(C40="","",F39+C40) | G40: =IF(F40="","",Z$40+F40) | H40: =IF(G40="","",(G40+Z$44)/Z$45) | I40: =IF(G40="","",SLOPE(G$3:G40,B$3:B40)) | J40: =IF(D40="","",IF(D40>0,J39*(1+D40/100),J39)) | K40: =E40 | L40: =IF(C40="","",IF(C40>0,L39+1,L39)) | M40: =IF(J40="","",IF(L40=0,"",100*(J40^(1/L40)-1))) | N40: =E40 | O40: =IF(C40="","",IF(L40=0,"",100*L40/B40)) | P40: =IF(D40="","",IF(D40<0,P39*(1+D40/100),P39)) | Q40: =E40 | R40: =IF(C40="","",IF(C40<0,R39+1,R39)) | S40: =E40 | T40: =IF(P40="","",IF(R40=0,"",100*(P40^(1/R40)-1))) | U40: =E40 | V40: =IF(M40="","",IF(T40="","",-M40/T40)) | Y40: Inicial | Z40: 3260.84 | AB40: Ganhos | AC40: =IF(F4="","",VLOOKUP(MAX(K4:K103),K4:L103,2,FALSE)) -> 16
B41: =B40+1 -> 38 | C41: =[3]CRe!J40 | D41: =[3]CRe!L40 | E41: =IF(C41="","",E40+1) | F41: =IF(C41="","",F40+C41) | G41: =IF(F41="","",Z$40+F41) | H41: =IF(G41="","",(G41+Z$44)/Z$45) | I41: =IF(G41="","",SLOPE(G$3:G41,B$3:B41)) | J41: =IF(D41="","",IF(D41>0,J40*(1+D41/100),J40)) | K41: =E41 | L41: =IF(C41="","",IF(C41>0,L40+1,L40)) | M41: =IF(J41="","",IF(L41=0,"",100*(J41^(1/L41)-1))) | N41: =E41 | O41: =IF(C41="","",IF(L41=0,"",100*L41/B41)) | P41: =IF(D41="","",IF(D41<0,P40*(1+D41/100),P40)) | Q41: =E41 | R41: =IF(C41="","",IF(C41<0,R40+1,R40)) | S41: =E41 | T41: =IF(P41="","",IF(R41=0,"",100*(P41^(1/R41)-1))) | U41: =E41 | V41: =IF(M41="","",IF(T41="","",-M41/T41)) | Y41: $ Ac | Z41: =IF(E4="","",VLOOKUP(MAX(E4:E103),E4:F103,2,FALSE)) -> 0.33 | AB41: Perdas | AC41: =IF(F4="","",VLOOKUP(MAX(Q4:Q103),Q4:R103,2,FALSE)) -> 19
B42: =B41+1 -> 39 | C42: =[3]CRe!J41 | D42: =[3]CRe!L41 | E42: =IF(C42="","",E41+1) | F42: =IF(C42="","",F41+C42) | G42: =IF(F42="","",Z$40+F42) | H42: =IF(G42="","",(G42+Z$44)/Z$45) | I42: =IF(G42="","",SLOPE(G$3:G42,B$3:B42)) | J42: =IF(D42="","",IF(D42>0,J41*(1+D42/100),J41)) | K42: =E42 | L42: =IF(C42="","",IF(C42>0,L41+1,L41)) | M42: =IF(J42="","",IF(L42=0,"",100*(J42^(1/L42)-1))) | N42: =E42 | O42: =IF(C42="","",IF(L42=0,"",100*L42/B42)) | P42: =IF(D42="","",IF(D42<0,P41*(1+D42/100),P41)) | Q42: =E42 | R42: =IF(C42="","",IF(C42<0,R41+1,R41)) | S42: =E42 | T42: =IF(P42="","",IF(R42=0,"",100*(P42^(1/R42)-1))) | U42: =E42 | V42: =IF(M42="","",IF(T42="","",-M42/T42)) | Y42: Atual | Z42: =IF(Z40="","",IF(Z41="","",Z40+Z41)) -> 3261.17 | AB42: Ciclos | AC42: =IF(AC40="","",IF(AC41="","",AC40+AC41)) -> 35
B43: =B42+1 -> 40 | C43: =[3]CRe!J42 | D43: =[3]CRe!L42 | E43: =IF(C43="","",E42+1) | F43: =IF(C43="","",F42+C43) | G43: =IF(F43="","",Z$40+F43) | H43: =IF(G43="","",(G43+Z$44)/Z$45) | I43: =IF(G43="","",SLOPE(G$3:G43,B$3:B43)) | J43: =IF(D43="","",IF(D43>0,J42*(1+D43/100),J42)) | K43: =E43 | L43: =IF(C43="","",IF(C43>0,L42+1,L42)) | M43: =IF(J43="","",IF(L43=0,"",100*(J43^(1/L43)-1))) | N43: =E43 | O43: =IF(C43="","",IF(L43=0,"",100*L43/B43)) | P43: =IF(D43="","",IF(D43<0,P42*(1+D43/100),P42)) | Q43: =E43 | R43: =IF(C43="","",IF(C43<0,R42+1,R42)) | S43: =E43 | T43: =IF(P43="","",IF(R43=0,"",100*(P43^(1/R43)-1))) | U43: =E43 | V43: =IF(M43="","",IF(T43="","",-M43/T43)) | Y43: Saldo ajustado | AB43: WinP | AC43: =IF(E4="","",IF(AC40=0,"",VLOOKUP(MAX(N4:N103),N4:O103,2,FALSE)/100)) -> 0.45714286
B44: =B43+1 -> 41 | C44: =[3]CRe!J43 | D44: =[3]CRe!L43 | E44: =IF(C44="","",E43+1) | F44: =IF(C44="","",F43+C44) | G44: =IF(F44="","",Z$40+F44) | H44: =IF(G44="","",(G44+Z$44)/Z$45) | I44: =IF(G44="","",SLOPE(G$3:G44,B$3:B44)) | J44: =IF(D44="","",IF(D44>0,J43*(1+D44/100),J43)) | K44: =E44 | L44: =IF(C44="","",IF(C44>0,L43+1,L43)) | M44: =IF(J44="","",IF(L44=0,"",100*(J44^(1/L44)-1))) | N44: =E44 | O44: =IF(C44="","",IF(L44=0,"",100*L44/B44)) | P44: =IF(D44="","",IF(D44<0,P43*(1+D44/100),P43)) | Q44: =E44 | R44: =IF(C44="","",IF(C44<0,R43+1,R43)) | S44: =E44 | T44: =IF(P44="","",IF(R44=0,"",100*(P44^(1/R44)-1))) | U44: =E44 | V44: =IF(M44="","",IF(T44="","",-M44/T44)) | Y44: Somar | Z44: 0 | AB44: CAR | AC44: =IF(AC45="","",IF(Z42="","",AC45*Z42)) -> 30.855416
B45: =B44+1 -> 42 | C45: =[3]CRe!J44 | D45: =[3]CRe!L44 | E45: =IF(C45="","",E44+1) | F45: =IF(C45="","",F44+C45) | G45: =IF(F45="","",Z$40+F45) | H45: =IF(G45="","",(G45+Z$44)/Z$45) | I45: =IF(G45="","",SLOPE(G$3:G45,B$3:B45)) | J45: =IF(D45="","",IF(D45>0,J44*(1+D45/100),J44)) | K45: =E45 | L45: =IF(C45="","",IF(C45>0,L44+1,L44)) | M45: =IF(J45="","",IF(L45=0,"",100*(J45^(1/L45)-1))) | N45: =E45 | O45: =IF(C45="","",IF(L45=0,"",100*L45/B45)) | P45: =IF(D45="","",IF(D45<0,P44*(1+D45/100),P44)) | Q45: =E45 | R45: =IF(C45="","",IF(C45<0,R44+1,R44)) | S45: =E45 | T45: =IF(P45="","",IF(R45=0,"",100*(P45^(1/R45)-1))) | U45: =E45 | V45: =IF(M45="","",IF(T45="","",-M45/T45)) | Y45: Dividir | Z45: 1 | AC45: =IF(E4="","",IF(AC41=0,"",-VLOOKUP(MAX(S4:S103),S4:T103,2,FALSE)/100)) -> 0.0094614559
B46: =B45+1 -> 43 | C46: =[3]CRe!J45 | D46: =[3]CRe!L45 | E46: =IF(C46="","",E45+1) | F46: =IF(C46="","",F45+C46) | G46: =IF(F46="","",Z$40+F46) | H46: =IF(G46="","",(G46+Z$44)/Z$45) | I46: =IF(G46="","",SLOPE(G$3:G46,B$3:B46)) | J46: =IF(D46="","",IF(D46>0,J45*(1+D46/100),J45)) | K46: =E46 | L46: =IF(C46="","",IF(C46>0,L45+1,L45)) | M46: =IF(J46="","",IF(L46=0,"",100*(J46^(1/L46)-1))) | N46: =E46 | O46: =IF(C46="","",IF(L46=0,"",100*L46/B46)) | P46: =IF(D46="","",IF(D46<0,P45*(1+D46/100),P45)) | Q46: =E46 | R46: =IF(C46="","",IF(C46<0,R45+1,R45)) | S46: =E46 | T46: =IF(P46="","",IF(R46=0,"",100*(P46^(1/R46)-1))) | U46: =E46 | V46: =IF(M46="","",IF(T46="","",-M46/T46)) | Y46: $ Ajustado | Z46: =IF(Z45="","",IF(Z44="","",(Z42+Z44)/Z45)) -> 3261.17 | AB46: FL | AC46: =IF(E4="","",VLOOKUP(MAX(U4:U103),U4:V103,2,FALSE)) -> 1.2005896
B47: =B46+1 -> 44 | C47: =[3]CRe!J46 | D47: =[3]CRe!L46 | E47: =IF(C47="","",E46+1) | F47: =IF(C47="","",F46+C47) | G47: =IF(F47="","",Z$40+F47) | H47: =IF(G47="","",(G47+Z$44)/Z$45) | I47: =IF(G47="","",SLOPE(G$3:G47,B$3:B47)) | J47: =IF(D47="","",IF(D47>0,J46*(1+D47/100),J46)) | K47: =E47 | L47: =IF(C47="","",IF(C47>0,L46+1,L46)) | M47: =IF(J47="","",IF(L47=0,"",100*(J47^(1/L47)-1))) | N47: =E47 | O47: =IF(C47="","",IF(L47=0,"",100*L47/B47)) | P47: =IF(D47="","",IF(D47<0,P46*(1+D47/100),P46)) | Q47: =E47 | R47: =IF(C47="","",IF(C47<0,R46+1,R46)) | S47: =E47 | T47: =IF(P47="","",IF(R47=0,"",100*(P47^(1/R47)-1))) | U47: =E47 | V47: =IF(M47="","",IF(T47="","",-M47/T47))
B48: =B47+1 -> 45 | C48: =[3]CRe!J47 | D48: =[3]CRe!L47 | E48: =IF(C48="","",E47+1) | F48: =IF(C48="","",F47+C48) | G48: =IF(F48="","",Z$40+F48) | H48: =IF(G48="","",(G48+Z$44)/Z$45) | I48: =IF(G48="","",SLOPE(G$3:G48,B$3:B48)) | J48: =IF(D48="","",IF(D48>0,J47*(1+D48/100),J47)) | K48: =E48 | L48: =IF(C48="","",IF(C48>0,L47+1,L47)) | M48: =IF(J48="","",IF(L48=0,"",100*(J48^(1/L48)-1))) | N48: =E48 | O48: =IF(C48="","",IF(L48=0,"",100*L48/B48)) | P48: =IF(D48="","",IF(D48<0,P47*(1+D48/100),P47)) | Q48: =E48 | R48: =IF(C48="","",IF(C48<0,R47+1,R47)) | S48: =E48 | T48: =IF(P48="","",IF(R48=0,"",100*(P48^(1/R48)-1))) | U48: =E48 | V48: =IF(M48="","",IF(T48="","",-M48/T48))
B49: =B48+1 -> 46 | C49: =[3]CRe!J48 | D49: =[3]CRe!L48 | E49: =IF(C49="","",E48+1) | F49: =IF(C49="","",F48+C49) | G49: =IF(F49="","",Z$40+F49) | H49: =IF(G49="","",(G49+Z$44)/Z$45) | I49: =IF(G49="","",SLOPE(G$3:G49,B$3:B49)) | J49: =IF(D49="","",IF(D49>0,J48*(1+D49/100),J48)) | K49: =E49 | L49: =IF(C49="","",IF(C49>0,L48+1,L48)) | M49: =IF(J49="","",IF(L49=0,"",100*(J49^(1/L49)-1))) | N49: =E49 | O49: =IF(C49="","",IF(L49=0,"",100*L49/B49)) | P49: =IF(D49="","",IF(D49<0,P48*(1+D49/100),P48)) | Q49: =E49 | R49: =IF(C49="","",IF(C49<0,R48+1,R48)) | S49: =E49 | T49: =IF(P49="","",IF(R49=0,"",100*(P49^(1/R49)-1))) | U49: =E49 | V49: =IF(M49="","",IF(T49="","",-M49/T49))
B50: =B49+1 -> 47 | C50: =[3]CRe!J49 | D50: =[3]CRe!L49 | E50: =IF(C50="","",E49+1) | F50: =IF(C50="","",F49+C50) | G50: =IF(F50="","",Z$40+F50) | H50: =IF(G50="","",(G50+Z$44)/Z$45) | I50: =IF(G50="","",SLOPE(G$3:G50,B$3:B50)) | J50: =IF(D50="","",IF(D50>0,J49*(1+D50/100),J49)) | K50: =E50 | L50: =IF(C50="","",IF(C50>0,L49+1,L49)) | M50: =IF(J50="","",IF(L50=0,"",100*(J50^(1/L50)-1))) | N50: =E50 | O50: =IF(C50="","",IF(L50=0,"",100*L50/B50)) | P50: =IF(D50="","",IF(D50<0,P49*(1+D50/100),P49)) | Q50: =E50 | R50: =IF(C50="","",IF(C50<0,R49+1,R49)) | S50: =E50 | T50: =IF(P50="","",IF(R50=0,"",100*(P50^(1/R50)-1))) | U50: =E50 | V50: =IF(M50="","",IF(T50="","",-M50/T50))
B51: =B50+1 -> 48 | C51: =[3]CRe!J50 | D51: =[3]CRe!L50 | E51: =IF(C51="","",E50+1) | F51: =IF(C51="","",F50+C51) | G51: =IF(F51="","",Z$40+F51) | H51: =IF(G51="","",(G51+Z$44)/Z$45) | I51: =IF(G51="","",SLOPE(G$3:G51,B$3:B51)) | J51: =IF(D51="","",IF(D51>0,J50*(1+D51/100),J50)) | K51: =E51 | L51: =IF(C51="","",IF(C51>0,L50+1,L50)) | M51: =IF(J51="","",IF(L51=0,"",100*(J51^(1/L51)-1))) | N51: =E51 | O51: =IF(C51="","",IF(L51=0,"",100*L51/B51)) | P51: =IF(D51="","",IF(D51<0,P50*(1+D51/100),P50)) | Q51: =E51 | R51: =IF(C51="","",IF(C51<0,R50+1,R50)) | S51: =E51 | T51: =IF(P51="","",IF(R51=0,"",100*(P51^(1/R51)-1))) | U51: =E51 | V51: =IF(M51="","",IF(T51="","",-M51/T51))
B52: =B51+1 -> 49 | C52: =[3]CRe!J51 | D52: =[3]CRe!L51 | E52: =IF(C52="","",E51+1) | F52: =IF(C52="","",F51+C52) | G52: =IF(F52="","",Z$40+F52) | H52: =IF(G52="","",(G52+Z$44)/Z$45) | I52: =IF(G52="","",SLOPE(G$3:G52,B$3:B52)) | J52: =IF(D52="","",IF(D52>0,J51*(1+D52/100),J51)) | K52: =E52 | L52: =IF(C52="","",IF(C52>0,L51+1,L51)) | M52: =IF(J52="","",IF(L52=0,"",100*(J52^(1/L52)-1))) | N52: =E52 | O52: =IF(C52="","",IF(L52=0,"",100*L52/B52)) | P52: =IF(D52="","",IF(D52<0,P51*(1+D52/100),P51)) | Q52: =E52 | R52: =IF(C52="","",IF(C52<0,R51+1,R51)) | S52: =E52 | T52: =IF(P52="","",IF(R52=0,"",100*(P52^(1/R52)-1))) | U52: =E52 | V52: =IF(M52="","",IF(T52="","",-M52/T52))
B53: =B52+1 -> 50 | C53: =[3]CRe!J52 | D53: =[3]CRe!L52 | E53: =IF(C53="","",E52+1) | F53: =IF(C53="","",F52+C53) | G53: =IF(F53="","",Z$40+F53) | H53: =IF(G53="","",(G53+Z$44)/Z$45) | I53: =IF(G53="","",SLOPE(G$3:G53,B$3:B53)) | J53: =IF(D53="","",IF(D53>0,J52*(1+D53/100),J52)) | K53: =E53 | L53: =IF(C53="","",IF(C53>0,L52+1,L52)) | M53: =IF(J53="","",IF(L53=0,"",100*(J53^(1/L53)-1))) | N53: =E53 | O53: =IF(C53="","",IF(L53=0,"",100*L53/B53)) | P53: =IF(D53="","",IF(D53<0,P52*(1+D53/100),P52)) | Q53: =E53 | R53: =IF(C53="","",IF(C53<0,R52+1,R52)) | S53: =E53 | T53: =IF(P53="","",IF(R53=0,"",100*(P53^(1/R53)-1))) | U53: =E53 | V53: =IF(M53="","",IF(T53="","",-M53/T53))
B54: =B53+1 -> 51 | C54: =[3]CRe!J53 | D54: =[3]CRe!L53 | E54: =IF(C54="","",E53+1) | F54: =IF(C54="","",F53+C54) | G54: =IF(F54="","",Z$40+F54) | H54: =IF(G54="","",(G54+Z$44)/Z$45) | I54: =IF(G54="","",SLOPE(G$3:G54,B$3:B54)) | J54: =IF(D54="","",IF(D54>0,J53*(1+D54/100),J53)) | K54: =E54 | L54: =IF(C54="","",IF(C54>0,L53+1,L53)) | M54: =IF(J54="","",IF(L54=0,"",100*(J54^(1/L54)-1))) | N54: =E54 | O54: =IF(C54="","",IF(L54=0,"",100*L54/B54)) | P54: =IF(D54="","",IF(D54<0,P53*(1+D54/100),P53)) | Q54: =E54 | R54: =IF(C54="","",IF(C54<0,R53+1,R53)) | S54: =E54 | T54: =IF(P54="","",IF(R54=0,"",100*(P54^(1/R54)-1))) | U54: =E54 | V54: =IF(M54="","",IF(T54="","",-M54/T54))
B55: =B54+1 -> 52 | C55: =[3]CRe!J54 | D55: =[3]CRe!L54 | E55: =IF(C55="","",E54+1) | F55: =IF(C55="","",F54+C55) | G55: =IF(F55="","",Z$40+F55) | H55: =IF(G55="","",(G55+Z$44)/Z$45) | I55: =IF(G55="","",SLOPE(G$3:G55,B$3:B55)) | J55: =IF(D55="","",IF(D55>0,J54*(1+D55/100),J54)) | K55: =E55 | L55: =IF(C55="","",IF(C55>0,L54+1,L54)) | M55: =IF(J55="","",IF(L55=0,"",100*(J55^(1/L55)-1))) | N55: =E55 | O55: =IF(C55="","",IF(L55=0,"",100*L55/B55)) | P55: =IF(D55="","",IF(D55<0,P54*(1+D55/100),P54)) | Q55: =E55 | R55: =IF(C55="","",IF(C55<0,R54+1,R54)) | S55: =E55 | T55: =IF(P55="","",IF(R55=0,"",100*(P55^(1/R55)-1))) | U55: =E55 | V55: =IF(M55="","",IF(T55="","",-M55/T55))
B56: =B55+1 -> 53 | C56: =[3]CRe!J55 | D56: =[3]CRe!L55 | E56: =IF(C56="","",E55+1) | F56: =IF(C56="","",F55+C56) | G56: =IF(F56="","",Z$40+F56) | H56: =IF(G56="","",(G56+Z$44)/Z$45) | I56: =IF(G56="","",SLOPE(G$3:G56,B$3:B56)) | J56: =IF(D56="","",IF(D56>0,J55*(1+D56/100),J55)) | K56: =E56 | L56: =IF(C56="","",IF(C56>0,L55+1,L55)) | M56: =IF(J56="","",IF(L56=0,"",100*(J56^(1/L56)-1))) | N56: =E56 | O56: =IF(C56="","",IF(L56=0,"",100*L56/B56)) | P56: =IF(D56="","",IF(D56<0,P55*(1+D56/100),P55)) | Q56: =E56 | R56: =IF(C56="","",IF(C56<0,R55+1,R55)) | S56: =E56 | T56: =IF(P56="","",IF(R56=0,"",100*(P56^(1/R56)-1))) | U56: =E56 | V56: =IF(M56="","",IF(T56="","",-M56/T56))
B57: =B56+1 -> 54 | C57: =[3]CRe!J56 | D57: =[3]CRe!L56 | E57: =IF(C57="","",E56+1) | F57: =IF(C57="","",F56+C57) | G57: =IF(F57="","",Z$40+F57) | H57: =IF(G57="","",(G57+Z$44)/Z$45) | I57: =IF(G57="","",SLOPE(G$3:G57,B$3:B57)) | J57: =IF(D57="","",IF(D57>0,J56*(1+D57/100),J56)) | K57: =E57 | L57: =IF(C57="","",IF(C57>0,L56+1,L56)) | M57: =IF(J57="","",IF(L57=0,"",100*(J57^(1/L57)-1))) | N57: =E57 | O57: =IF(C57="","",IF(L57=0,"",100*L57/B57)) | P57: =IF(D57="","",IF(D57<0,P56*(1+D57/100),P56)) | Q57: =E57 | R57: =IF(C57="","",IF(C57<0,R56+1,R56)) | S57: =E57 | T57: =IF(P57="","",IF(R57=0,"",100*(P57^(1/R57)-1))) | U57: =E57 | V57: =IF(M57="","",IF(T57="","",-M57/T57))
B58: =B57+1 -> 55 | C58: =[3]CRe!J57 | D58: =[3]CRe!L57 | E58: =IF(C58="","",E57+1) | F58: =IF(C58="","",F57+C58) | G58: =IF(F58="","",Z$40+F58) | H58: =IF(G58="","",(G58+Z$44)/Z$45) | I58: =IF(G58="","",SLOPE(G$3:G58,B$3:B58)) | J58: =IF(D58="","",IF(D58>0,J57*(1+D58/100),J57)) | K58: =E58 | L58: =IF(C58="","",IF(C58>0,L57+1,L57)) | M58: =IF(J58="","",IF(L58=0,"",100*(J58^(1/L58)-1))) | N58: =E58 | O58: =IF(C58="","",IF(L58=0,"",100*L58/B58)) | P58: =IF(D58="","",IF(D58<0,P57*(1+D58/100),P57)) | Q58: =E58 | R58: =IF(C58="","",IF(C58<0,R57+1,R57)) | S58: =E58 | T58: =IF(P58="","",IF(R58=0,"",100*(P58^(1/R58)-1))) | U58: =E58 | V58: =IF(M58="","",IF(T58="","",-M58/T58))
... B103: =B102+1 -> 100 | C103: =[3]CRe!J102 | D103: =[3]CRe!L102 | E103: =IF(C103="","",E102+1) | F103: =IF(C103="","",F102+C103) | G103: =IF(F103="","",Z$40+F103) | H103: =IF(G103="","",(G103+Z$44)/Z$45) | I103: =IF(G103="","",SLOPE(G$3:G103,B$3:B103)) | J103: =IF(D103="","",IF(D103>0,J102*(1+D103/100),J102)) | K103: =E103 | L103: =IF(C103="","",IF(C103>0,L102+1,L102)) | M103: =IF(J103="","",IF(L103=0,"",100*(J103^(1/L103)-1))) | N103: =E103 | O103: =IF(C103="","",IF(L103=0,"",100*L103/B103)) | P103: =IF(D103="","",IF(D103<0,P102*(1+D103/100),P102)) | Q103: =E103 | R103: =IF(C103="","",IF(C103<0,R102+1,R102)) | S103: =E103 | T103: =IF(P103="","",IF(R103=0,"",100*(P103^(1/R103)-1))) | U103: =E103 | V103: =IF(M103="","",IF(T103="","",-M103/T103))

Sheet Risk
B2: Quadro Resumo (CLog) | N2: Por operação
B3: Saldo Inicial | C3: =CLog!$Z$40 -> 3260.84 | N3: %CAR | O3: Ganho | P3: Perda | Q3: %Payoff
B4: $Ac | C4: =CLog!Z41 -> 0.33 | N4: 1 | O4: =IF(C$27="","",1+C$27*N4/100) -> 1.0120059 | P4: =IF(O4="","",1-N4/100) -> 0.99 | Q4: =IF(O4="","",100*(O4^(C$28/100)*P4^((100-C$28)/100)-1)) -> -1.7209886e-05
B5: Saldo Atual | C5: =CLog!Z42 -> 3261.17 | N5: =N4+1 -> 2 | O5: =IF(C$27="","",1+C$27*N5/100) -> 1.0240118 | P5: =IF(O5="","",1-N5/100) -> 0.98 | Q5: =IF(O5="","",100*(O5^(C$28/100)*P5^((100-C$28)/100)-1)) -> -0.012007138
B6: =CLog!AB40 -> Ganhos | C6: =CLog!AC40 -> 16 | N6: =N5+1 -> 3 | O6: =IF(C$27="","",1+C$27*N6/100) -> 1.0360177 | P6: =IF(O6="","",1-N6/100) -> 0.97 | Q6: =IF(O6="","",100*(O6^(C$28/100)*P6^((100-C$28)/100)-1)) -> -0.035929114
B7: =CLog!AB41 -> Perdas | C7: =CLog!AC41 -> 19 | N7: =N6+1 -> 4 | O7: =IF(C$27="","",1+C$27*N7/100) -> 1.0480236 | P7: =IF(O7="","",1-N7/100) -> 0.96 | Q7: =IF(O7="","",100*(O7^(C$28/100)*P7^((100-C$28)/100)-1)) -> -0.07174693
B8: =CLog!AB42 -> Ciclos | C8: =CLog!AC42 -> 35 | N8: =N7+1 -> 5 | O8: =IF(C$27="","",1+C$27*N8/100) -> 1.0600295 | P8: =IF(O8="","",1-N8/100) -> 0.95 | Q8: =IF(O8="","",100*(O8^(C$28/100)*P8^((100-C$28)/100)-1)) -> -0.11942879
B9: =CLog!AB43 -> WinP | C9: =CLog!AC43 -> 0.45714286 | N9: =N8+1 -> 6 | O9: =IF(C$27="","",1+C$27*N9/100) -> 1.0720354 | P9: =IF(O9="","",1-N9/100) -> 0.94 | Q9: =IF(O9="","",100*(O9^(C$28/100)*P9^((100-C$28)/100)-1)) -> -0.17894724
B10: =CLog!AB44 -> CAR | C10: =CLog!AC44 -> 30.855416 | N10: =N9+1 -> 7 | O10: =IF(C$27="","",1+C$27*N10/100) -> 1.0840413 | P10: =IF(O10="","",1-N10/100) -> 0.93 | Q10: =IF(O10="","",100*(O10^(C$28/100)*P10^((100-C$28)/100)-1)) -> -0.25027914
C11: =CLog!AC45 -> 0.0094614559 | N11: =N10+1 -> 8 | O11: =IF(C$27="","",1+C$27*N11/100) -> 1.0960472 | P11: =IF(O11="","",1-N11/100) -> 0.92 | Q11: =IF(O11="","",100*(O11^(C$28/100)*P11^((100-C$28)/100)-1)) -> -0.33340563
B12: =CLog!AB46 -> FL | C12: =CLog!AC46 -> 1.2005896 | N12: =N11+1 -> 9 | O12: =IF(C$27="","",1+C$27*N12/100) -> 1.1080531 | P12: =IF(O12="","",1-N12/100) -> 0.91 | Q12: =IF(O12="","",100*(O12^(C$28/100)*P12^((100-C$28)/100)-1)) -> -0.42831209
B13: Kelly % | C13: =IF(C9="","",IF(C12="","",IF(C9-(1-C9)/C12<0,0,100*(C9-(1-C9)/C12)))) -> 0.49840816 | N13: =N12+1 -> 10 | O13: =IF(C$27="","",1+C$27*N13/100) -> 1.120059 | P13: =IF(O13="","",1-N13/100) -> 0.9 | Q13: =IF(O13="","",100*(O13^(C$28/100)*P13^((100-C$28)/100)-1)) -> -0.53498812
B14: Simulações (Sim) | N14: =N13+1 -> 11 | O14: =IF(C$27="","",1+C$27*N14/100) -> 1.1320649 | P14: =IF(O14="","",1-N14/100) -> 0.89 | Q14: =IF(O14="","",100*(O14^(C$28/100)*P14^((100-C$28)/100)-1)) -> -0.65342753
B15: Ganho ($ ou %) | N15: =N14+1 -> 12 | O15: =IF(C$27="","",1+C$27*N15/100) -> 1.1440708 | P15: =IF(O15="","",1-N15/100) -> 0.88 | Q15: =IF(O15="","",100*(O15^(C$28/100)*P15^((100-C$28)/100)-1)) -> -0.78362833
B16: Perda ($ ou %) | N16: =N15+1 -> 13 | O16: =IF(C$27="","",1+C$27*N16/100) -> 1.1560767 | P16: =IF(O16="","",1-N16/100) -> 0.87 | Q16: =IF(O16="","",100*(O16^(C$28/100)*P16^((100-C$28)/100)-1)) -> -0.92559275
B17: Win % | N17: =N16+1 -> 14 | O17: =IF(C$27="","",1+C$27*N17/100) -> 1.1680826 | P17: =IF(O17="","",1-N17/100) -> 0.86 | Q17: =IF(O17="","",100*(O17^(C$28/100)*P17^((100-C$28)/100)-1)) -> -1.0793272
B18: FL | C18: =IF(C15="","",IF(C16="","",IF(C17="","",C15/C16))) | N18: =N17+1 -> 15 | O18: =IF(C$27="","",1+C$27*N18/100) -> 1.1800884 | P18: =IF(O18="","",1-N18/100) -> 0.85 | Q18: =IF(O18="","",100*(O18^(C$28/100)*P18^((100-C$28)/100)-1)) -> -1.2448424
B19: Kelly % | C19: =IF(C17="","",IF(C18="","",IF(100*((C17/100)-(1-C17/100)/C18)<0,0,100*((C17/100)-(1-C17/100)/C18)))) | N19: =N18+1 -> 16 | O19: =IF(C$27="","",1+C$27*N19/100) -> 1.1920943 | P19: =IF(O19="","",1-N19/100) -> 0.84 | Q19: =IF(O19="","",100*(O19^(C$28/100)*P19^((100-C$28)/100)-1)) -> -1.4221532
B20: Ideais por ciclo | N20: =N19+1 -> 17 | O20: =IF(C$27="","",1+C$27*N20/100) -> 1.2041002 | P20: =IF(O20="","",1-N20/100) -> 0.83 | Q20: =IF(O20="","",100*(O20^(C$28/100)*P20^((100-C$28)/100)-1)) -> -1.6112789
B21: Capital em risco | C21: =IF(C27="","",IF(C28="","",IF(C27<0,0,IF(C28/100-(1-C28/100)/C27<0,0,C28/100-(1-C28/100)/C27)))) -> 0.0049840816 | N21: =N20+1 -> 18 | O21: =IF(C$27="","",1+C$27*N21/100) -> 1.2161061 | P21: =IF(O21="","",1-N21/100) -> 0.82 | Q21: =IF(O21="","",100*(O21^(C$28/100)*P21^((100-C$28)/100)-1)) -> -1.812243
C22: =IF(C21="","",IF(C5="",IF(C3="","",C3*C21),C5*C21)) -> 16.253937 | N22: =N21+1 -> 19 | O22: =IF(C$27="","",1+C$27*N22/100) -> 1.228112 | P22: =IF(O22="","",1-N22/100) -> 0.81 | Q22: =IF(O22="","",100*(O22^(C$28/100)*P22^((100-C$28)/100)-1)) -> -2.0250734
B23: Payoff | C23: =IF(C27="","",IF(MAX(Q4:Q103)<0,0,MAX(Q4:Q103)/100)) -> 0 | N23: =N22+1 -> 20 | O23: =IF(C$27="","",1+C$27*N23/100) -> 1.2401179 | P23: =IF(O23="","",1-N23/100) -> 0.8 | Q23: =IF(O23="","",100*(O23^(C$28/100)*P23^((100-C$28)/100)-1)) -> -2.2498024
C24: =IF(C23="","",IF(C5="",IF(C3="","",C3*C23),C5*C23)) -> 0 | N24: =N23+1 -> 21 | O24: =IF(C$27="","",1+C$27*N24/100) -> 1.2521238 | P24: =IF(O24="","",1-N24/100) -> 0.79 | Q24: =IF(O24="","",100*(O24^(C$28/100)*P24^((100-C$28)/100)-1)) -> -2.486467
B25: Gráfico | N25: =N24+1 -> 22 | O25: =IF(C$27="","",1+C$27*N25/100) -> 1.2641297 | P25: =IF(O25="","",1-N25/100) -> 0.78 | Q25: =IF(O25="","",100*(O25^(C$28/100)*P25^((100-C$28)/100)-1)) -> -2.7351085
B26: Opção | C26: Clog | N26: =N25+1 -> 23 | O26: =IF(C$27="","",1+C$27*N26/100) -> 1.2761356 | P26: =IF(O26="","",1-N26/100) -> 0.77 | Q26: =IF(O26="","",100*(O26^(C$28/100)*P26^((100-C$28)/100)-1)) -> -2.9957731
B27: FL | C27: =IF(C26="CLog",C12,IF(C26="Sim",C18,"")) -> 1.2005896 | E27: =IF(C26="CLog","CLog Risk Profile",IF(C26="Sim","Sim Risk Profile","Risk Profile Chart")) -> CLog Risk Profile | F27: =IF(#REF!="x",IF(#REF!="",#REF!,""),IF(#REF!="x",IF(#REF!="",#REF!,""),"")) -> #REF! | G27: =IF(#REF!="x",IF(#REF!="",#REF!,""),IF(#REF!="x",IF(#REF!="",#REF!,""),"")) -> #REF! | H27: =IF(#REF!="x",IF(H23="",#REF!,""),IF(H23="x",IF(#REF!="",#REF!,""),"")) -> #REF! | I27: =IF(#REF!="x",IF(I23="",#REF!,""),IF(I23="x",IF(#REF!="",#REF!,""),"")) -> #REF! | K27: =IF(#REF!="x",IF(K23="",#REF!,""),IF(K23="x",IF(#REF!="",#REF!,""),"")) -> #REF! | L27: =IF(#REF!="x",IF(L23="",#REF!,""),IF(L23="x",IF(#REF!="",#REF!,""),"")) -> #REF! | N27: =N26+1 -> 24 | O27: =IF(C$27="","",1+C$27*N27/100) -> 1.2881415 | P27: =IF(O27="","",1-N27/100) -> 0.76 | Q27: =IF(O27="","",100*(O27^(C$28/100)*P27^((100-C$28)/100)-1)) -> -3.2685114
B28: WinP | C28: =IF(C26="CLog",100*C9,IF(C26="Sim",C17,"")) -> 45.714286 | N28: =N27+1 -> 25 | O28: =IF(C$27="","",1+C$27*N28/100) -> 1.3001474 | P28: =IF(O28="","",1-N28/100) -> 0.75 | Q28: =IF(O28="","",100*(O28^(C$28/100)*P28^((100-C$28)/100)-1)) -> -3.5533794
N29: =N28+1 -> 26 | O29: =IF(C$27="","",1+C$27*N29/100) -> 1.3121533 | P29: =IF(O29="","",1-N29/100) -> 0.74 | Q29: =IF(O29="","",100*(O29^(C$28/100)*P29^((100-C$28)/100)-1)) -> -3.8504374
N30: =N29+1 -> 27 | O30: =IF(C$27="","",1+C$27*N30/100) -> 1.3241592 | P30: =IF(O30="","",1-N30/100) -> 0.73 | Q30: =IF(O30="","",100*(O30^(C$28/100)*P30^((100-C$28)/100)-1)) -> -4.1597514
N31: =N30+1 -> 28 | O31: =IF(C$27="","",1+C$27*N31/100) -> 1.3361651 | P31: =IF(O31="","",1-N31/100) -> 0.72 | Q31: =IF(O31="","",100*(O31^(C$28/100)*P31^((100-C$28)/100)-1)) -> -4.4813923
N32: =N31+1 -> 29 | O32: =IF(C$27="","",1+C$27*N32/100) -> 1.348171 | P32: =IF(O32="","",1-N32/100) -> 0.71 | Q32: =IF(O32="","",100*(O32^(C$28/100)*P32^((100-C$28)/100)-1)) -> -4.8154364
N33: =N32+1 -> 30 | O33: =IF(C$27="","",1+C$27*N33/100) -> 1.3601769 | P33: =IF(O33="","",1-N33/100) -> 0.7 | Q33: =IF(O33="","",100*(O33^(C$28/100)*P33^((100-C$28)/100)-1)) -> -5.1619656
N34: =N33+1 -> 31 | O34: =IF(C$27="","",1+C$27*N34/100) -> 1.3721828 | P34: =IF(O34="","",1-N34/100) -> 0.69 | Q34: =IF(O34="","",100*(O34^(C$28/100)*P34^((100-C$28)/100)-1)) -> -5.5210675
N35: =N34+1 -> 32 | O35: =IF(C$27="","",1+C$27*N35/100) -> 1.3841887 | P35: =IF(O35="","",1-N35/100) -> 0.68 | Q35: =IF(O35="","",100*(O35^(C$28/100)*P35^((100-C$28)/100)-1)) -> -5.8928356
N36: =N35+1 -> 33 | O36: =IF(C$27="","",1+C$27*N36/100) -> 1.3961946 | P36: =IF(O36="","",1-N36/100) -> 0.67 | Q36: =IF(O36="","",100*(O36^(C$28/100)*P36^((100-C$28)/100)-1)) -> -6.2773695
N37: =N36+1 -> 34 | O37: =IF(C$27="","",1+C$27*N37/100) -> 1.4082005 | P37: =IF(O37="","",1-N37/100) -> 0.66 | Q37: =IF(O37="","",100*(O37^(C$28/100)*P37^((100-C$28)/100)-1)) -> -6.6747751
N38: =N37+1 -> 35 | O38: =IF(C$27="","",1+C$27*N38/100) -> 1.4202064 | P38: =IF(O38="","",1-N38/100) -> 0.65 | Q38: =IF(O38="","",100*(O38^(C$28/100)*P38^((100-C$28)/100)-1)) -> -7.085165
N39: =N38+1 -> 36 | O39: =IF(C$27="","",1+C$27*N39/100) -> 1.4322123 | P39: =IF(O39="","",1-N39/100) -> 0.64 | Q39: =IF(O39="","",100*(O39^(C$28/100)*P39^((100-C$28)/100)-1)) -> -7.5086585
N40: =N39+1 -> 37 | O40: =IF(C$27="","",1+C$27*N40/100) -> 1.4442182 | P40: =IF(O40="","",1-N40/100) -> 0.63 | Q40: =IF(O40="","",100*(O40^(C$28/100)*P40^((100-C$28)/100)-1)) -> -7.945382
... N103: =N102+1 -> 100 | O103: =IF(C$27="","",1+C$27*N103/100) -> 2.2005896 | P103: =IF(O103="","",1-N103/100) -> 0 | Q103: =IF(O103="","",100*(O103^(C$28/100)*P103^((100-C$28)/100)-1)) -> -100

Sheet $Aj

Sheet GM

Sheet PM

Sheet FL
